Workbook
Name Azione: 'Trasferibilità e Diss.'!$F$2:$F$4
Name Disseminazione: 'Trasferibilità e Diss.'!$H$2:$H$8
Name Divulgazione: 'Trasferibilità e Diss.'!$I$2:$I$8

Sheet Privacy Policy
A2: Autorizzazione al trattamento dei dati personali ai sensi dell’art. 13 del Regolamento UE n. 2016/679 in materia di protezione dei dati personali delle persone fisiche (GDPR) e dell’art. 13 del D. Lgs. 196/2003 e s.m.i. (ultimo aggiornamento: D. Lgs. 101/2018) Attraverso l'inserimento dei propri dati personali, il soggetto dichiara di avere preso visione dell’informativa per il trattamento dei dati forniti ai fini dell’attuazione del Programma Rete Rurale Nazionale 2014-2022 (consultabile alla pagina web https://www.innovarurale.it/it/privacy-policy) e, a tal fine: ESPRIME il consenso al trattamento dei propri dati personali per le finalità e secondo le modalità indicate nell’informativa.

Sheet Introduzione
A6: TEMPLATE RRN PER I GRUPPI OPERATIVI
A9: Il presente template, realizzato dal CREA PB, rappresenta uno strumento per la raccolta delle informazioni principali relative ai progetti dei Gruppi Operativi (GO) del Partenariato Europeo per l'Innovazione (PEI).
A10: Integra le informazioni richieste dalla Commissione Europea (template "EIP-AGRI common format") con ulteriori informazioni finalizzate alla creazione di un database nazionale dei GO.
A12: Questo template verrà utilizzato per inserire informazioni nella fase di avvio del progetto
A14: Nella fase intermedia e in quella finale andranno inseriti eventuali aggiornamenti rispetto alla fase precedente, lasciando invariate le altre informazioni.
A15: Le informazioni da inserire dovranno essere coerenti al loro momento di rilevazione.
A16: Pertanto, nella fase di avvio le informazioni riguardanti i vari aspetti progettuali (attività e costi, risultati, ecc.) saranno di natura provvisoria.
A17: Nelle fasi intermedia e finale dovranno invece essere riportati gli aspetti progettuali effettivamente realizzati
A18: (azioni realizzate, materiali prodotti, costi sostenuti, risultati conseguiti, ecc.) ed eventuali variazioni progettuali.
A20: I campi possono essere obbligatori, raccomandati o facoltativi. Se non altrimenti specificato, i campi si ritengono obbligatori.
A21: Le celle a sfondo arancione contengono formule e riferimenti per un corretto funzionamento del template.
A22: Le celle di controllo, riportate in fondo o in cima alle tabelle, aiutano a verificare la congruenza dei totali.
... A38: Materiali

Sheet Indice
A1: Indice
A3: Introduzione
A4: Info generali
A5: Partenariato
A6: Obiettivi PSP e UE
A7: Innovazione 1
A8: Innovazione 2
A9: Innovazione 3
A10: Attività e Costi
A11: Piano finanziario generale
A12: Quadro Logico
A13: Materiali

Sheet Info generali
A1: Informazioni di progetto | B1: Torna all'indice
A3: Editor del progetto
A5: Titolo del progetto | C5: =LEN(SUBSTITUTE(B5," ",""))& " caratteri / 200" -> 0 caratteri / 200
A7: Titolo del progetto in inglese | C7: =LEN(SUBSTITUTE(B7," ",""))& " caratteri / 200" -> 0 caratteri / 200
A9: Acronimo
A11: Periodo del progetto
A12: Data di inizio (GG/MM/AAAA)
A13: Data di fine (GG/MM/AAAA)
A14: Durata del progetto (mesi) | B14: =IFERROR(DATEDIF(B12,B13+1,"M"),0) -> 0
A16: Coordinatore del progetto/Soggetto capofila
A17: Denominazione | C17: =LEN(SUBSTITUTE(B17," ",""))& " caratteri / 150" -> 0 caratteri / 150
A18: Indirizzo
A19: Città
A20: Provincia
A21: Cap
A22: Indirizzo completo | B22: =IF(CONCATENATE(B18,B19,B20,B21)<>"", B18&" "&B19&" ("&B20&") "&B21,"") | C22: =LEN(SUBSTITUTE(B22," ",""))& " caratteri / 150" -> 0 caratteri / 150
A23: E-mail | C23: =LEN(SUBSTITUTE(B23," ",""))& " caratteri / 150" -> 0 caratteri / 150
A24: Pec | C24: =LEN(SUBSTITUTE(B24," ",""))& " caratteri / 150" -> 0 caratteri / 150
A25: Telefono | C25: =LEN(SUBSTITUTE(B25," ",""))& " caratteri / 150" -> 0 caratteri / 150
A27: Responsabile tecnico scientifico
A28: Denominazione | C28: =LEN(SUBSTITUTE(B28," ",""))& " caratteri / 150" -> 0 caratteri / 150
A29: Indirizzo
A30: Città
A31: Provincia
A32: Cap
A33: Indirizzo completo | B33: =IF(CONCATENATE(B29,B30,B31,B32)<>"", B29&" "&B30&" ("&B31&") "&B32,"") | C33: =LEN(SUBSTITUTE(B33," ",""))& " caratteri / 150" -> 0 caratteri / 150
A34: E-mail | C34: =LEN(SUBSTITUTE(B34," ",""))& " caratteri / 150" -> 0 caratteri / 150
A35: Pec | C35: =LEN(SUBSTITUTE(B35," ",""))& " caratteri / 150" -> 0 caratteri / 150
A36: Telefono | C36: =LEN(SUBSTITUTE(B36," ",""))& " caratteri / 150" -> 0 caratteri / 150
A38: N. totale partner (incluso soggetto capofila)
A40: Forma giuridica del GO | B40: -- Seleziona -- | C40: Obbligatorio
A42: Collocazione geografica del progetto
A43: Località geografica principale (NUTS3) | B43: --Seleziona--
A44: Altra località geografica (NUTS3) | B44: --Seleziona-- | C44: Facoltativo
A45: Altra località geografica (NUTS3) | B45: --Seleziona-- | C45: Facoltativo
A47: Costo totale del progetto (€) | B47: 0
A49: Fonti di finanziamento
A50: Principale | B50: --Seleziona--
A51: Altre fonti | B51: --Seleziona--
A54: Obiettivi del progetto | C54: =LEN(SUBSTITUTE(B54," ",""))& " caratteri / 500" -> 0 caratteri / 500
A56: Obiettivi del progetto (in inglese) | C56: =LEN(SUBSTITUTE(B56," ",""))& " caratteri / 500" -> 0 caratteri / 500
A58: Parole chiave (keywords)
A59: Keyword - categoria 1 | B59: --Seleziona-- | C59: Obbligatoria
A60: Keyword - categoria 2 | B60: --Seleziona--
A61: Keyword - categoria 3 | B61: --Seleziona--
A62: Keyword - categoria 4 | B62: --Seleziona--
A63: Keyword - categoria 5 | B63: --Seleziona--
A64: Keyword - categoria 6 | B64: --Seleziona--
A65: Keyword - categoria 7 | B65: --Seleziona--
A66: Keyword - categoria 8 | B66: --Seleziona--
A67: Keyword - categoria 9 | B67: --Seleziona--
A68: Keyword - categoria 10 | B68: --Seleziona--
A70: Parole chiave (keywords) (in inglese)
A71: Keyword - categoria 1 | B71: =IFERROR(VLOOKUP(B59,Keyword!$A$1:$B$33,2,FALSE),"") -> None
A72: Keyword - categoria 2 | B72: =IFERROR(VLOOKUP(B60,Keyword!$A$1:$B$33,2,FALSE),"") -> None
A73: Keyword - categoria 3 | B73: =IFERROR(VLOOKUP(B61,Keyword!$A$1:$B$33,2,FALSE),"") -> None
A74: Keyword - categoria 4 | B74: =IFERROR(VLOOKUP(B62,Keyword!$A$1:$B$33,2,FALSE),"") -> None
A75: Keyword - categoria 5 | B75: =IFERROR(VLOOKUP(B63,Keyword!$A$1:$B$33,2,FALSE),"") -> None
A76: Keyword - categoria 6 | B76: =IFERROR(VLOOKUP(B64,Keyword!$A$1:$B$33,2,FALSE),"") -> None
A77: Keyword - categoria 7 | B77: =IFERROR(VLOOKUP(B65,Keyword!$A$1:$B$33,2,FALSE),"") -> None
A78: Keyword - categoria 8 | B78: =IFERROR(VLOOKUP(B66,Keyword!$A$1:$B$33,2,FALSE),"") -> None
A79: Keyword - categoria 9 | B79: =IFERROR(VLOOKUP(B67,Keyword!$A$1:$B$33,2,FALSE),"") -> None
A80: Keyword - categoria 10 | B80: =IFERROR(VLOOKUP(B68,Keyword!$A$1:$B$33,2,FALSE),"") -> None
A82: Descrizione delle attività del progetto | C82: =LEN(SUBSTITUTE(B82," ",""))& " caratteri / 1500" -> 0 caratteri / 1500
A84: Descrizione delle attività del progetto (in inglese) | C84: =LEN(SUBSTITUTE(B84," ",""))& " caratteri / 1500" -> 0 caratteri / 1500
A86: Descrizione del contesto del progetto | C86: =LEN(SUBSTITUTE(B86," ",""))& " caratteri / 2000" -> 0 caratteri / 2000
A88: Descrizione del contesto del progetto (in inglese) | C88: =LEN(SUBSTITUTE(B88," ",""))& " caratteri / 2000" -> 0 caratteri / 2000 | D88: Facoltativo
A90: Informazioni supplementari | C90: =LEN(SUBSTITUTE(B90," ",""))& " caratteri /2000" -> 0 caratteri /2000 | D90: Facoltativo
A92: Commenti aggiuntivi | C92: =LEN(SUBSTITUTE(B92," ",""))& " caratteri / 2000" -> 0 caratteri / 2000 | D92: Facoltativo
A94: Consulenza | B94: --Seleziona--
A96: Nominativo/i del/i consulente/i esterno/i
A98: Iscrizione al Registro dei prestatori di servizi di consulenza della Regione Sardegna | B98: --Seleziona--

Sheet Partenariato
A1: Partenariato | B1: Torna all'indice
A3: Informazioni | B3: CAPOFILA | C3: PARTNER 1 | D3: PARTNER 2 | E3: PARTNER 3 | F3: PARTNER 4 | G3: PARTNER 5 | H3: PARTNER 6 | I3: PARTNER 7 | J3: PARTNER 8 | K3: PARTNER 9 | L3: PARTNER 10 | M3: PARTNER 11 | N3: PARTNER 12 | O3: PARTNER 13 | P3: PARTNER 14 | Q3: PARTNER 15 | R3: PARTNER 16 | S3: PARTNER 17 | T3: PARTNER 18 | U3: PARTNER 19 | V3: PARTNER 20
A4: Denominazione | B4: =IF('Info generali'!B17<>"",'Info generali'!B17,"")
A5: Tipo di partner | B5: -- Seleziona -- | C5: -- Seleziona -- | D5: -- Seleziona -- | E5: -- Seleziona -- | F5: -- Seleziona -- | G5: -- Seleziona -- | H5: -- Seleziona -- | I5: -- Seleziona -- | J5: -- Seleziona -- | K5: -- Seleziona -- | L5: -- Seleziona -- | M5: -- Seleziona -- | N5: -- Seleziona -- | O5: -- Seleziona -- | P5: -- Seleziona -- | Q5: -- Seleziona -- | R5: -- Seleziona -- | S5: -- Seleziona -- | T5: -- Seleziona -- | U5: -- Seleziona -- | V5: -- Seleziona --
A6: Iscrizione elenco consulenti | B6: --Seleziona-- | C6: --Seleziona-- | D6: --Seleziona-- | E6: --Seleziona-- | F6: --Seleziona-- | G6: --Seleziona-- | H6: --Seleziona-- | I6: --Seleziona-- | J6: --Seleziona-- | K6: --Seleziona-- | L6: --Seleziona-- | M6: --Seleziona-- | N6: --Seleziona-- | O6: --Seleziona-- | P6: --Seleziona-- | Q6: --Seleziona-- | R6: --Seleziona-- | S6: --Seleziona-- | T6: --Seleziona-- | U6: --Seleziona-- | V6: --Seleziona--
A7: Settore/Comparto | B7: -- Seleziona -- | C7: -- Seleziona -- | D7: -- Seleziona -- | E7: -- Seleziona -- | F7: -- Seleziona -- | G7: -- Seleziona -- | H7: -- Seleziona -- | I7: -- Seleziona -- | J7: -- Seleziona -- | K7: -- Seleziona -- | L7: -- Seleziona -- | M7: -- Seleziona -- | N7: -- Seleziona -- | O7: -- Seleziona -- | P7: -- Seleziona -- | Q7: -- Seleziona -- | R7: -- Seleziona -- | S7: -- Seleziona -- | T7: -- Seleziona -- | U7: -- Seleziona -- | V7: -- Seleziona --
A8: Cod. ATECO
A9: CUUA
A10: Cod. CIAA
A11: Motivazione della presenza del partner per i soggetti appartenenti alle categorie: altre imprese con sede operativa nelle aree rurali, altri soggetti del settore agricolo, alimentare e forestale, dei territori rurali e della società civile
A12: Referente di progetto
A13: Cognome
A14: Nome
A15: Email
A16: Sede operativa
A17: Indirizzo | B17: =IF('Info generali'!B18<>"",'Info generali'!B18,"")
A18: Città | B18: =IF('Info generali'!B19<>"",'Info generali'!B19,"")
A19: Provincia | B19: =IF('Info generali'!B20<>"",'Info generali'!B20,"")
A20: Cap | B20: =IF('Info generali'!B21<>"",'Info generali'!B21,"")
A21: Indirizzo completo | B21: =IF(CONCATENATE(B17,B18,B19,B20)<>"", B17&" "&B18&" ("&B19&") "&B20,"") | C21: =IF(CONCATENATE(C17,C18,C19,C20)<>"", C17&" "&C18&" ("&C19&") "&C20,"") | D21: =IF(CONCATENATE(D17,D18,D19,D20)<>"", D17&" "&D18&" ("&D19&") "&D20,"") | E21: =IF(CONCATENATE(E17,E18,E19,E20)<>"", E17&" "&E18&" ("&E19&") "&E20,"") | F21: =IF(CONCATENATE(F17,F18,F19,F20)<>"", F17&" "&F18&" ("&F19&") "&F20,"") | G21: =IF(CONCATENATE(G17,G18,G19,G20)<>"", G17&" "&G18&" ("&G19&") "&G20,"") | H21: =IF(CONCATENATE(H17,H18,H19,H20)<>"", H17&" "&H18&" ("&H19&") "&H20,"") | I21: =IF(CONCATENATE(I17,I18,I19,I20)<>"", I17&" "&I18&" ("&I19&") "&I20,"") | ... V21: =IF(CONCATENATE(V17,V18,V19,V20)<>"", V17&" "&V18&" ("&V19&") "&V20,"")
A22: E-mail | B22: =IF('Info generali'!B23<>"",'Info generali'!B23,"")
A23: Pec | B23: =IF('Info generali'!B24<>"",'Info generali'!B24,"")
A24: Telefono | B24: =IF('Info generali'!B25<>"",'Info generali'!B25,"")
A25: Sede legale se diversa
A26: Indirizzo
A27: Città
A28: Provincia
A29: Cap
A30: =IF(21-COUNTBLANK(B4:V4)<>'Info generali'!B38,"Controllo totali: Attenzione! Il numero di partner non coincide","Controllo totali: OK") -> Controllo totali: OK

Sheet Obiettivi PSP e UE
A1: OBIETTIVI DEL PSP E STRATEGIA DELL'UNIONE | B1: Torna all'indice
A3: Contributo del progetto agli obiettivi della Strategia PAC
A4: --Seleziona-- | B4: Obbligatorio
A5: --Seleziona-- | B5: Facoltativo
A6: --Seleziona-- | B6: Facoltativo
A7: --Seleziona-- | B7: Facoltativo
A8: --Seleziona-- | B8: Facoltativo
A9: --Seleziona-- | B9: Facoltativo
A10: --Seleziona-- | B10: Facoltativo
A11: --Seleziona-- | B11: Facoltativo
A12: --Seleziona-- | B12: Facoltativo
A15: Contributo del progetto alle strategie dell'Unione Europea
A16: --Seleziona-- | B16: Obbligatorio
A17: --Seleziona-- | B17: Facoltativo
A18: --Seleziona-- | B18: Facoltativo
A19: --Seleziona-- | B19: Facoltativo
A20: --Seleziona-- | B20: Facoltativo
A21: --Seleziona-- | B21: Facoltativo
A22: --Seleziona-- | B22: Facoltativo
A23: --Seleziona-- | B23: Facoltativo
A24: --Seleziona-- | B24: Facoltativo
A25: --Seleziona-- | B25: Facoltativo
A26: --Seleziona-- | B26: Facoltativo

Sheet INNOVAZIONE 1
A1: Innovazione (1) | B1: Torna all'indice
A3: Il numero di innovazioni da inserire dipende dalla dimensione del progetto e dal numero di risultati che si ritiene di implementare. Utilizzare tante schede quante sono le innovazioni da diffondere.
A5: Descrizione dell'innovazione | C5: =LEN(SUBSTITUTE(B5," ",""))& " caratteri / 1000" -> 0 caratteri / 1000
A7: Descrizione dell'innovazione (in inglese) | C7: =LEN(SUBSTITUTE(B7," ",""))& " caratteri / 1000" -> 0 caratteri / 1000 | D7: Raccomandato
A10: Settore/comparto del'innovazione | B10: -- Seleziona --
A14: Trasferibilità e replicabilità dei risultati in un altro contesto produttivo e/o territoriale | B14: -- Seleziona --
A16: Descrizione della trasferibilità dei risultati | C16: =LEN(SUBSTITUTE(B16," ",""))& " caratteri / 1500" -> 0 caratteri / 1500
A19: Motivazione sulla necessità di realizzare eventuali operazioni di investimento produttivo | C19: Obbligatorio in caso di investimenti produttivi
A22: Organizzazione di eventi di divulgazione e disseminazione dei risultati oltre a quelli previsti negli impegni e negli obblighi | B22: -- Seleziona --
A25: Specificare
A26: Azione | B26: Tipologia | C26: Personale
A27: Seleziona | C27: -- Seleziona --
A28: Seleziona | C28: -- Seleziona --
A29: Seleziona | C29: -- Seleziona --
A30: Seleziona | C30: -- Seleziona --
A31: Seleziona | C31: -- Seleziona --
A32: Seleziona | C32: -- Seleziona --
A33: Seleziona | C33: -- Seleziona --
A34: Seleziona | C34: -- Seleziona --
A35: Seleziona | C35: -- Seleziona --

Sheet INNOVAZIONE 2
A1: Innovazione (2) | B1: Torna all'indice
A3: Il numero di innovazioni da inserire dipende dalla dimensione del progetto e dal numero di risultati che si ritiene di implementare. Utilizzare tante schede quante sono le innovazioni da diffondere.
A5: Descrizione dell'innovazione | C5: =LEN(SUBSTITUTE(B5," ",""))& " caratteri / 1000" -> 0 caratteri / 1000
A7: Descrizione dell'innovazione (in inglese) | C7: =LEN(SUBSTITUTE(B7," ",""))& " caratteri / 1000" -> 0 caratteri / 1000 | D7: Raccomandato
A10: Settore/comparto del'innovazione | B10: -- Seleziona --
A14: Trasferibilità e replicabilità dei risultati in un altro contesto produttivo e/o territoriale | B14: -- Seleziona --
A16: Descrizione della trasferibilità dei risultati | C16: =LEN(SUBSTITUTE(B16," ",""))& " caratteri / 1500" -> 0 caratteri / 1500
A19: Motivazione sulla necessità di realizzare eventuali operazioni di investimento produttivo | C19: Raccomandato in caso di investimenti produttivi
A22: Organizzazione di eventi di divulgazione e disseminazione dei risultati oltre a quelli previsti negli impegni e negli obblighi | B22: -- Seleziona --
A25: Specificare
A26: Azione | B26: Tipologia | C26: Personale
A27: Seleziona | C27: -- Seleziona --
A28: Seleziona | C28: -- Seleziona --
A29: Seleziona | C29: -- Seleziona --
A30: Seleziona | C30: -- Seleziona --
A31: Seleziona | C31: -- Seleziona --
A32: Seleziona | C32: -- Seleziona --
A33: Seleziona | C33: -- Seleziona --
A34: Seleziona | C34: -- Seleziona --
A35: Seleziona | C35: -- Seleziona --

Sheet INNOVAZIONE 3
A1: Innovazione (3) | B1: Torna all'indice
A3: Il numero di innovazioni da inserire dipende dalla dimensione del progetto e dal numero di risultati che si ritiene di implementare. Utilizzare tante schede quante sono le innovazioni da diffondere.
A5: Descrizione dell'innovazione | C5: =LEN(SUBSTITUTE(B5," ",""))& " caratteri / 1000" -> 0 caratteri / 1000
A7: Descrizione dell'innovazione (in inglese) | C7: =LEN(SUBSTITUTE(B7," ",""))& " caratteri / 1000" -> 0 caratteri / 1000 | D7: Raccomandato
A10: Settore/comparto del'innovazione | B10: -- Seleziona --
A14: Trasferibilità e replicabilità dei risultati in un altro contesto produttivo e/o territoriale | B14: -- Seleziona --
A16: Descrizione della trasferibilità dei risultati | C16: =LEN(SUBSTITUTE(B16," ",""))& " caratteri / 1500" -> 0 caratteri / 1500
A19: Motivazione sulla necessità di realizzare eventuali operazioni di investimento produttivo | C19: Raccomandato in caso di investimenti produttivi
A22: Organizzazione di eventi di divulgazione e disseminazione dei risultati oltre a quelli previsti negli impegni e negli obblighi | B22: -- Seleziona --
A25: Specificare
A26: Azione | B26: Tipologia | C26: Personale
A27: Seleziona | C27: -- Seleziona --
A28: Seleziona | C28: -- Seleziona --
A29: Seleziona | C29: -- Seleziona --
A30: Seleziona | C30: -- Seleziona --
A31: Seleziona | C31: -- Seleziona --
A32: Seleziona | C32: -- Seleziona --
A33: Seleziona | C33: -- Seleziona --
A34: Seleziona | C34: -- Seleziona --
A35: Seleziona | C35: -- Seleziona --

Sheet Attività e Costi
A1: Attività e Costi | B1: Torna all'indice
A3: =IF(SUM(OL8:OL47)<>'Info generali'!B47,"Controllo totali: Attenzione! Il totale dei costi non coincide con il costo del progetto","Controllo totali: OK") -> Controllo totali: OK
A4: Tipologia azione | B4: Descrizione attività | C4: Data inizio (GG/MM/AAAA) | D4: Data fine (GG/MM/AAAA) | E4: Durata (GG) | F4: Responsabile azione | G4: CAPOFILA | Y4: PARTNER 1 | AQ4: PARTNER 2 | BI4: PARTNER 3 | CA4: PARTNER 4 | CS4: PARTNER 5 | DK4: PARTNER 6 | EC4: PARTNER 7 | EU4: PARTNER 8 | FM4: PARTNER 9 | GE4: PARTNER 10 | GW4: PARTNER 11 | HO4: PARTNER 12 | IG4: PARTNER 13 | IY4: PARTNER 14 | JQ4: PARTNER 15 | KI4: PARTNER 16 | LA4: PARTNER 17 | LS4: PARTNER 18 | MK4: PARTNER 19 | NC4: PARTNER 20 | NU4: TOTALE
G5: =IF(Partenariato!B4<>0,Partenariato!B4,"") | Y5: =IF(Partenariato!C4<>0,Partenariato!C4,"") | AQ5: =IF(Partenariato!D4<>0,Partenariato!D4,"") | BI5: =IF(Partenariato!E4<>0,Partenariato!E4,"") | CA5: =IF(Partenariato!F4<>0,Partenariato!F4,"") | CS5: =IF(Partenariato!G4<>0,Partenariato!G4,"") | DK5: =IF(Partenariato!H4<>0,Partenariato!H4,"") | EC5: =IF(Partenariato!I4<>0,Partenariato!I4,"") | EU5: =IF(Partenariato!J4<>0,Partenariato!J4,"") | FM5: =IF(Partenariato!K4<>0,Partenariato!K4,"") | GE5: =IF(Partenariato!L4<>0,Partenariato!L4,"") | GW5: =IF(Partenariato!M4<>0,Partenariato!M4,"") | HO5: =IF(Partenariato!N4<>0,Partenariato!N4,"") | IG5: =IF(Partenariato!O4<>0,Partenariato!O4,"") | IY5: =IF(Partenariato!P4<>0,Partenariato!P4,"") | JQ5: =IF(Partenariato!Q4<>0,Partenariato!Q4,"") | KI5: =IF(Partenariato!R4<>0,Partenariato!R4,"") | LA5: =IF(Partenariato!S4<>0,Partenariato!S4,"") | LS5: =IF(Partenariato!T4<>0,Partenariato!T4,"") | MK5: =IF(Partenariato!U4<>0,Partenariato!U4,"") | NC5: =IF(Partenariato!V4<>0,Partenariato!V4,"")
G6: 1. Costi amministrativi e legati alla costituzione e modifica del GO | H6: 2.Spese del personale | I6: 3. Corrispettivo economico per l'imprenditore agricolo e forestale | J6: 4. Missioni e trasferte | K6: 5 .Consulenze esterne e altri servizi | L6: 6. Costi di coordinamento e gestione del progetto | M6: 7. Costi indiretti | N6: 8. Quote di ammortamento del materiale durevole | O6: 9. Prototipi/Impianti pilota | P6: 10a. Costi relativi ad investimenti produttivi - SETTORE AGRICOLO | T6: 10b. Costi relativi ad investimenti produttivi - SETTORE FORESTALE | X6: Totale* | Y6: 1. Costi amministrativi e legati alla costituzione e modifica del GO | Z6: 2.Spese del personale | AA6: 3. Corrispettivo economico per l'imprenditore agricolo e forestale | AB6: 4. Missioni e trasferte | AC6: 5 .Consulenze esterne e altri servizi | AD6: 6. Costi di coordinamento e gestione del progetto | AE6: 7. Costi indiretti | AF6: 8. Quote di ammortamento del materiale durevole | AG6: 9. Prototipi/Impianti pilota | AH6: 10a. Costi relativi ad investimenti produttivi - SETTORE AGRICOLO | AL6: 10b. Costi relativi ad investimenti produttivi - SETTORE FORESTALE | AP6: Totale* | AQ6: 1. Costi amministrativi e legati alla costituzione e modifica del GO | AR6: 2.Spese del personale | AS6: 3. Corrispettivo economico per l'imprenditore agricolo e forestale | AT6: 4. Missioni e trasferte | AU6: 5 .Consulenze esterne e altri servizi | AV6: 6. Costi di coordinamento e gestione del progetto | AW6: 7. Costi indiretti | AX6: 8. Quote di ammortamento del materiale durevole | AY6: 9. Prototipi/Impianti pilota | AZ6: 10a. Costi relativi ad investimenti produttivi - SETTORE AGRICOLO | BD6: 10b. Costi relativi ad investimenti produttivi - SETTORE FORESTALE | BH6: Totale* | BI6: 1. Costi amministrativi e legati alla costituzione e modifica del GO | BJ6: 2.Spese del personale | BK6: 3. Corrispettivo economico per l'imprenditore agricolo e forestale | BL6: 4. Missioni e trasferte | BM6: 5 .Consulenze esterne e altri servizi | BN6: 6. Costi di coordinamento e gestione del progetto | BO6: 7. Costi indiretti | BP6: 8. Quote di ammortamento del materiale durevole | BQ6: 9. Prototipi/Impianti pilota | BR6: 10a. Costi relativi ad investimenti produttivi - SETTORE AGRICOLO | BV6: 10b. Costi relativi ad investimenti produttivi - SETTORE FORESTALE | BZ6: Totale* | CA6: 1. Costi amministrativi e legati alla costituzione e modifica del GO | CB6: 2.Spese del personale | CC6: 3. Corrispettivo economico per l'imprenditore agricolo e forestale | CD6: 4. Missioni e trasferte | CE6: 5 .Consulenze esterne e altri servizi | CF6: 6. Costi di coordinamento e gestione del progetto | CG6: 7. Costi indiretti | CH6: 8. Quote di ammortamento del materiale durevole | CI6: 9. Prototipi/Impianti pilota | CJ6: 10a. Costi relativi ad investimenti produttivi - SETTORE AGRICOLO | CN6: 10b. Costi relativi ad investimenti produttivi - SETTORE FORESTALE | CR6: Totale* | CS6: 1. Costi amministrativi e legati alla costituzione e modifica del GO | CT6: 2.Spese del personale | CU6: 3. Corrispettivo economico per l'imprenditore agricolo e forestale | CV6: 4. Missioni e trasferte | CW6: 5 .Consulenze esterne e altri servizi | CX6: 6. Costi di coordinamento e gestione del progetto | CY6: 7. Costi indiretti | CZ6: 8. Quote di ammortamento del materiale durevole | DA6: 9. Prototipi/Impianti pilota | DB6: 10a. Costi relativi ad investimenti produttivi - SETTORE AGRICOLO | DF6: 10b. Costi relativi ad investimenti produttivi - SETTORE FORESTALE | DJ6: Totale* | DK6: 1. Costi amministrativi e legati alla costituzione e modifica del GO | DL6: 2.Spese del personale | DM6: 3. Corrispettivo economico per l'imprenditore agricolo e forestale | DN6: 4. Missioni e trasferte | DO6: 5 .Consulenze esterne e altri servizi | DP6: 6. Costi di coordinamento e gestione del progetto | DQ6: 7. Costi indiretti | DR6: 8. Quote di ammortamento del materiale durevole | DS6: 9. Prototipi/Impianti pilota | DT6: 10a. Costi relativi ad investimenti produttivi - SETTORE AGRICOLO | DX6: 10b. Costi relativi ad investimenti produttivi - SETTORE FORESTALE | EB6: Totale* | EC6: 1. Costi amministrativi e legati alla costituzione e modifica del GO | ED6: 2.Spese del personale | EE6: 3. Corrispettivo economico per l'imprenditore agricolo e forestale | EF6: 4. Missioni e trasferte | EG6: 5 .Consulenze esterne e altri servizi | EH6: 6. Costi di coordinamento e gestione del progetto | EI6: 7. Costi indiretti | EJ6: 8. Quote di ammortamento del materiale durevole | EK6: 9. Prototipi/Impianti pilota | EL6: 10a. Costi relativi ad investimenti produttivi - SETTORE AGRICOLO | EP6: 10b. Costi relativi ad investimenti produttivi - SETTORE FORESTALE | ET6: Totale* | EU6: 1. Costi amministrativi e legati alla costituzione e modifica del GO | EV6: 2.Spese del personale | EW6: 3. Corrispettivo economico per l'imprenditore agricolo e forestale | EX6: 4. Missioni e trasferte | EY6: 5 .Consulenze esterne e altri servizi | EZ6: 6. Costi di coordinamento e gestione del progetto | FA6: 7. Costi indiretti | FB6: 8. Quote di ammortamento del materiale durevole | FC6: 9. Prototipi/Impianti pilota | FD6: 10a. Costi relativi ad investimenti produttivi - SETTORE AGRICOLO | FH6: 10b. Costi relativi ad investimenti produttivi - SETTORE FORESTALE | FL6: Totale* | FM6: 1. Costi amministrativi e legati alla costituzione e modifica del GO | FN6: 2.Spese del personale | FO6: 3. Corrispettivo economico per l'imprenditore agricolo e forestale | FP6: 4. Missioni e trasferte | FQ6: 5 .Consulenze esterne e altri servizi | FR6: 6. Costi di coordinamento e gestione del progetto | FS6: 7. Costi indiretti | FT6: 8. Quote di ammortamento del materiale durevole | FU6: 9. Prototipi/Impianti pilota | FV6: 10a. Costi relativi ad investimenti produttivi - SETTORE AGRICOLO | FZ6: 10b. Costi relativi ad investimenti produttivi - SETTORE FORESTALE | GD6: Totale* | GE6: 1. Costi amministrativi e legati alla costituzione e modifica del GO | GF6: 2.Spese del personale | GG6: 3. Corrispettivo economico per l'imprenditore agricolo e forestale | GH6: 4. Missioni e trasferte | GI6: 5 .Consulenze esterne e altri servizi | GJ6: 6. Costi di coordinamento e gestione del progetto | GK6: 7. Costi indiretti | GL6: 8. Quote di ammortamento del materiale durevole | GM6: 9. Prototipi/Impianti pilota | GN6: 10a. Costi relativi ad investimenti produttivi - SETTORE AGRICOLO | GR6: 10b. Costi relativi ad investimenti produttivi - SETTORE FORESTALE | GV6: Totale* | GW6: 1. Costi amministrativi e legati alla costituzione e modifica del GO | GX6: 2.Spese del personale | GY6: 3. Corrispettivo economico per l'imprenditore agricolo e forestale | GZ6: 4. Missioni e trasferte | HA6: 5 .Consulenze esterne e altri servizi | HB6: 6. Costi di coordinamento e gestione del progetto | HC6: 7. Costi indiretti | HD6: 8. Quote di ammortamento del materiale durevole | HE6: 9. Prototipi/Impianti pilota | HF6: 10a. Costi relativi ad investimenti produttivi - SETTORE AGRICOLO | HJ6: 10b. Costi relativi ad investimenti produttivi - SETTORE FORESTALE | HN6: Totale* | HO6: 1. Costi amministrativi e legati alla costituzione e modifica del GO | HP6: 2.Spese del personale | HQ6: 3. Corrispettivo economico per l'imprenditore agricolo e forestale | HR6: 4. Missioni e trasferte | HS6: 5 .Consulenze esterne e altri servizi | HT6: 6. Costi di coordinamento e gestione del progetto | HU6: 7. Costi indiretti | HV6: 8. Quote di ammortamento del materiale durevole | HW6: 9. Prototipi/Impianti pilota | HX6: 10a. Costi relativi ad investimenti produttivi - SETTORE AGRICOLO | IB6: 10b. Costi relativi ad investimenti produttivi - SETTORE FORESTALE | IF6: Totale* | IG6: 1. Costi amministrativi e legati alla costituzione e modifica del GO | IH6: 2.Spese del personale | II6: 3. Corrispettivo economico per l'imprenditore agricolo e forestale | IJ6: 4. Missioni e trasferte | IK6: 5 .Consulenze esterne e altri servizi | IL6: 6. Costi di coordinamento e gestione del progetto | IM6: 7. Costi indiretti | IN6: 8. Quote di ammortamento del materiale durevole | IO6: 9. Prototipi/Impianti pilota | IP6: 10a. Costi relativi ad investimenti produttivi - SETTORE AGRICOLO | IT6: 10b. Costi relativi ad investimenti produttivi - SETTORE FORESTALE | IX6: Totale* | IY6: 1. Costi amministrativi e legati alla costituzione e modifica del GO | IZ6: 2.Spese del personale | JA6: 3. Corrispettivo economico per l'imprenditore agricolo e forestale | JB6: 4. Missioni e trasferte | JC6: 5 .Consulenze esterne e altri servizi | JD6: 6. Costi di coordinamento e gestione del progetto | JE6: 7. Costi indiretti | JF6: 8. Quote di ammortamento del materiale durevole | JG6: 9. Prototipi/Impianti pilota | JH6: 10a. Costi relativi ad investimenti produttivi - SETTORE AGRICOLO | JL6: 10b. Costi relativi ad investimenti produttivi - SETTORE FORESTALE | JP6: Totale* | JQ6: 1. Costi amministrativi e legati alla costituzione e modifica del GO | JR6: 2.Spese del personale | JS6: 3. Corrispettivo economico per l'imprenditore agricolo e forestale | JT6: 4. Missioni e trasferte | JU6: 5 .Consulenze esterne e altri servizi | JV6: 6. Costi di coordinamento e gestione del progetto | JW6: 7. Costi indiretti | JX6: 8. Quote di ammortamento del materiale durevole | JY6: 9. Prototipi/Impianti pilota | JZ6: 10a. Costi relativi ad investimenti produttivi - SETTORE AGRICOLO | KD6: 10b. Costi relativi ad investimenti produttivi - SETTORE FORESTALE | KH6: Totale* | KI6: 1. Costi amministrativi e legati alla costituzione e modifica del GO | KJ6: 2.Spese del personale | KK6: 3. Corrispettivo economico per l'imprenditore agricolo e forestale | KL6: 4. Missioni e trasferte | KM6: 5 .Consulenze esterne e altri servizi | KN6: 6. Costi di coordinamento e gestione del progetto | KO6: 7. Costi indiretti | KP6: 8. Quote di ammortamento del materiale durevole | KQ6: 9. Prototipi/Impianti pilota | KR6: 10a. Costi relativi ad investimenti produttivi - SETTORE AGRICOLO | KV6: 10b. Costi relativi ad investimenti produttivi - SETTORE FORESTALE | KZ6: Totale* | LA6: 1. Costi amministrativi e legati alla costituzione e modifica del GO | LB6: 2.Spese del personale | LC6: 3. Corrispettivo economico per l'imprenditore agricolo e forestale | LD6: 4. Missioni e trasferte | LE6: 5 .Consulenze esterne e altri servizi | LF6: 6. Costi di coordinamento e gestione del progetto | LG6: 7. Costi indiretti | LH6: 8. Quote di ammortamento del materiale durevole | LI6: 9. Prototipi/Impianti pilota | LJ6: 10a. Costi relativi ad investimenti produttivi - SETTORE AGRICOLO | LN6: 10b. Costi relativi ad investimenti produttivi - SETTORE FORESTALE | LR6: Totale* | LS6: 1. Costi amministrativi e legati alla costituzione e modifica del GO | LT6: 2.Spese del personale | LU6: 3. Corrispettivo economico per l'imprenditore agricolo e forestale | LV6: 4. Missioni e trasferte | LW6: 5 .Consulenze esterne e altri servizi | LX6: 6. Costi di coordinamento e gestione del progetto | LY6: 7. Costi indiretti | LZ6: 8. Quote di ammortamento del materiale durevole | MA6: 9. Prototipi/Impianti pilota | MB6: 10a. Costi relativi ad investimenti produttivi - SETTORE AGRICOLO | MF6: 10b. Costi relativi ad investimenti produttivi - SETTORE FORESTALE | MJ6: Totale* | MK6: 1. Costi amministrativi e legati alla costituzione e modifica del GO | ML6: 2.Spese del personale | MM6: 3. Corrispettivo economico per l'imprenditore agricolo e forestale | MN6: 4. Missioni e trasferte | MO6: 5 .Consulenze esterne e altri servizi | MP6: 6. Costi di coordinamento e gestione del progetto | MQ6: 7. Costi indiretti | MR6: 8. Quote di ammortamento del materiale durevole | MS6: 9. Prototipi/Impianti pilota | MT6: 10a. Costi relativi ad investimenti produttivi - SETTORE AGRICOLO | MX6: 10b. Costi relativi ad investimenti produttivi - SETTORE FORESTALE | NB6: Totale* | NC6: 1. Costi amministrativi e legati alla costituzione e modifica del GO | ND6: 2.Spese del personale | NE6: 3. Corrispettivo economico per l'imprenditore agricolo e forestale | NF6: 4. Missioni e trasferte | NG6: 5 .Consulenze esterne e altri servizi | NH6: 6. Costi di coordinamento e gestione del progetto | NI6: 7. Costi indiretti | NJ6: 8. Quote di ammortamento del materiale durevole | NK6: 9. Prototipi/Impianti pilota | NL6: 10a. Costi relativi ad investimenti produttivi - SETTORE AGRICOLO | NP6: 10b. Costi relativi ad investimenti produttivi - SETTORE FORESTALE | NT6: Totale* | NU6: 1. Costi amministrativi e legati alla costituzione e modifica del GO | NV6: 2.Spese del personale | NW6: 3. Corrispettivo economico per l'imprenditore agricolo e forestale | NX6: 4. Missioni e trasferte | NY6: 5 .Consulenze esterne e altri servizi | NZ6: 6. Costi di coordinamento e gestione del progetto | OA6: 7. Costi indiretti | OB6: 8. Quote di ammortamento del materiale durevole | OC6: 9. Prototipi/Impianti pilota | OD6: 10a. Costi relativi ad investimenti produttivi - SETTORE AGRICOLO | OH6: 10b. Costi relativi ad investimenti produttivi - SETTORE FORESTALE | OL6: Totale*
P7: a) adeguamento di strutture, impianti e fabbricati funzionale al progetto di innovazione | Q7: b) acquisto di attrezzature, macchine e impianti previsti dagli interventi SRD01 e SRD13 | R7: c) spese generali | S7: d) Investimenti immateriali | T7: a) adeguamento di strutture, impianti e fabbricati funzionale al progetto di innovazione | U7: b) acquisto di attrezzature, macchine e impianti previsti dall'intervento SRD15 | V7: c) spese generali | W7: d) Investimenti immateriali | AH7: a) adeguamento di strutture, impianti e fabbricati funzionale al progetto di innovazione | AI7: b) acquisto di attrezzature, macchine e impianti previsti dagli interventi SRD01 e SRD13 | AJ7: c) spese generali | AK7: d) Investimenti immateriali | AL7: a) adeguamento di strutture, impianti e fabbricati funzionale al progetto di innovazione | AM7: b) acquisto di attrezzature, macchine e impianti previsti dall'intervento SRD15 | AN7: c) spese generali | AO7: d) Investimenti immateriali | AZ7: a) adeguamento di strutture, impianti e fabbricati funzionale al progetto di innovazione | BA7: b) acquisto di attrezzature, macchine e impianti previsti dagli interventi SRD01 e SRD13 | BB7: c) spese generali | BC7: d) Investimenti immateriali | BD7: a) adeguamento di strutture, impianti e fabbricati funzionale al progetto di innovazione | BE7: b) acquisto di attrezzature, macchine e impianti previsti dall'intervento SRD15 | BF7: c) spese generali | BG7: d) Investimenti immateriali | BR7: a) adeguamento di strutture, impianti e fabbricati funzionale al progetto di innovazione | BS7: b) acquisto di attrezzature, macchine e impianti previsti dagli interventi SRD01 e SRD13 | BT7: c) spese generali | BU7: d) Investimenti immateriali | BV7: a) adeguamento di strutture, impianti e fabbricati funzionale al progetto di innovazione | BW7: b) acquisto di attrezzature, macchine e impianti previsti dall'intervento SRD15 | BX7: c) spese generali | BY7: d) Investimenti immateriali | CJ7: a) adeguamento di strutture, impianti e fabbricati funzionale al progetto di innovazione | CK7: b) acquisto di attrezzature, macchine e impianti previsti dagli interventi SRD01 e SRD13 | CL7: c) spese generali | CM7: d) Investimenti immateriali | CN7: a) adeguamento di strutture, impianti e fabbricati funzionale al progetto di innovazione | CO7: b) acquisto di attrezzature, macchine e impianti previsti dall'intervento SRD15 | CP7: c) spese generali | CQ7: d) Investimenti immateriali | DB7: a) adeguamento di strutture, impianti e fabbricati funzionale al progetto di innovazione | DC7: b) acquisto di attrezzature, macchine e impianti previsti dagli interventi SRD01 e SRD13 | DD7: c) spese generali | DE7: d) Investimenti immateriali | DF7: a) adeguamento di strutture, impianti e fabbricati funzionale al progetto di innovazione | DG7: b) acquisto di attrezzature, macchine e impianti previsti dall'intervento SRD15 | DH7: c) spese generali | DI7: d) Investimenti immateriali | DT7: a) adeguamento di strutture, impianti e fabbricati funzionale al progetto di innovazione | DU7: b) acquisto di attrezzature, macchine e impianti previsti dagli interventi SRD01 e SRD13 | DV7: c) spese generali | DW7: d) Investimenti immateriali | DX7: a) adeguamento di strutture, impianti e fabbricati funzionale al progetto di innovazione | DY7: b) acquisto di attrezzature, macchine e impianti previsti dall'intervento SRD15 | DZ7: c) spese generali | EA7: d) Investimenti immateriali | EL7: a) adeguamento di strutture, impianti e fabbricati funzionale al progetto di innovazione | EM7: b) acquisto di attrezzature, macchine e impianti previsti dagli interventi SRD01 e SRD13 | EN7: c) spese generali | EO7: d) Investimenti immateriali | EP7: a) adeguamento di strutture, impianti e fabbricati funzionale al progetto di innovazione | EQ7: b) acquisto di attrezzature, macchine e impianti previsti dall'intervento SRD15 | ER7: c) spese generali | ES7: d) Investimenti immateriali | FD7: a) adeguamento di strutture, impianti e fabbricati funzionale al progetto di innovazione | FE7: b) acquisto di attrezzature, macchine e impianti previsti dagli interventi SRD01 e SRD13 | FF7: c) spese generali | FG7: d) Investimenti immateriali | FH7: a) adeguamento di strutture, impianti e fabbricati funzionale al progetto di innovazione | FI7: b) acquisto di attrezzature, macchine e impianti previsti dall'intervento SRD15 | FJ7: c) spese generali | FK7: d) Investimenti immateriali | FV7: a) adeguamento di strutture, impianti e fabbricati funzionale al progetto di innovazione | FW7: b) acquisto di attrezzature, macchine e impianti previsti dagli interventi SRD01 e SRD13 | FX7: c) spese generali | FY7: d) Investimenti immateriali | FZ7: a) adeguamento di strutture, impianti e fabbricati funzionale al progetto di innovazione | GA7: b) acquisto di attrezzature, macchine e impianti previsti dall'intervento SRD15 | GB7: c) spese generali | GC7: d) Investimenti immateriali | GN7: a) adeguamento di strutture, impianti e fabbricati funzionale al progetto di innovazione | GO7: b) acquisto di attrezzature, macchine e impianti previsti dagli interventi SRD01 e SRD13 | GP7: c) spese generali | GQ7: d) Investimenti immateriali | GR7: a) adeguamento di strutture, impianti e fabbricati funzionale al progetto di innovazione | GS7: b) acquisto di attrezzature, macchine e impianti previsti dall'intervento SRD15 | GT7: c) spese generali | GU7: d) Investimenti immateriali | HF7: a) adeguamento di strutture, impianti e fabbricati funzionale al progetto di innovazione | HG7: b) acquisto di attrezzature, macchine e impianti previsti dagli interventi SRD01 e SRD13 | HH7: c) spese generali | HI7: d) Investimenti immateriali | HJ7: a) adeguamento di strutture, impianti e fabbricati funzionale al progetto di innovazione | HK7: b) acquisto di attrezzature, macchine e impianti previsti dall'intervento SRD15 | HL7: c) spese generali | HM7: d) Investimenti immateriali | HX7: a) adeguamento di strutture, impianti e fabbricati funzionale al progetto di innovazione | HY7: b) acquisto di attrezzature, macchine e impianti previsti dagli interventi SRD01 e SRD13 | HZ7: c) spese generali | IA7: d) Investimenti immateriali | IB7: a) adeguamento di strutture, impianti e fabbricati funzionale al progetto di innovazione | IC7: b) acquisto di attrezzature, macchine e impianti previsti dall'intervento SRD15 | ID7: c) spese generali | IE7: d) Investimenti immateriali | IP7: a) adeguamento di strutture, impianti e fabbricati funzionale al progetto di innovazione | IQ7: b) acquisto di attrezzature, macchine e impianti previsti dagli interventi SRD01 e SRD13 | IR7: c) spese generali | IS7: d) Investimenti immateriali | IT7: a) adeguamento di strutture, impianti e fabbricati funzionale al progetto di innovazione | IU7: b) acquisto di attrezzature, macchine e impianti previsti dall'intervento SRD15 | IV7: c) spese generali | IW7: d) Investimenti immateriali | JH7: a) adeguamento di strutture, impianti e fabbricati funzionale al progetto di innovazione | JI7: b) acquisto di attrezzature, macchine e impianti previsti dagli interventi SRD01 e SRD13 | JJ7: c) spese generali | JK7: d) Investimenti immateriali | JL7: a) adeguamento di strutture, impianti e fabbricati funzionale al progetto di innovazione | JM7: b) acquisto di attrezzature, macchine e impianti previsti dall'intervento SRD15 | JN7: c) spese generali | JO7: d) Investimenti immateriali | JZ7: a) adeguamento di strutture, impianti e fabbricati funzionale al progetto di innovazione | KA7: b) acquisto di attrezzature, macchine e impianti previsti dagli interventi SRD01 e SRD13 | KB7: c) spese generali | KC7: d) Investimenti immateriali | KD7: a) adeguamento di strutture, impianti e fabbricati funzionale al progetto di innovazione | KE7: b) acquisto di attrezzature, macchine e impianti previsti dall'intervento SRD15 | KF7: c) spese generali | KG7: d) Investimenti immateriali | KR7: a) adeguamento di strutture, impianti e fabbricati funzionale al progetto di innovazione | KS7: b) acquisto di attrezzature, macchine e impianti previsti dagli interventi SRD01 e SRD13 | KT7: c) spese generali | KU7: d) Investimenti immateriali | KV7: a) adeguamento di strutture, impianti e fabbricati funzionale al progetto di innovazione | KW7: b) acquisto di attrezzature, macchine e impianti previsti dall'intervento SRD15 | KX7: c) spese generali | KY7: d) Investimenti immateriali | LJ7: a) adeguamento di strutture, impianti e fabbricati funzionale al progetto di innovazione | LK7: b) acquisto di attrezzature, macchine e impianti previsti dagli interventi SRD01 e SRD13 | LL7: c) spese generali | LM7: d) Investimenti immateriali | LN7: a) adeguamento di strutture, impianti e fabbricati funzionale al progetto di innovazione | LO7: b) acquisto di attrezzature, macchine e impianti previsti dall'intervento SRD15 | LP7: c) spese generali | LQ7: d) Investimenti immateriali | MB7: a) adeguamento di strutture, impianti e fabbricati funzionale al progetto di innovazione | MC7: b) acquisto di attrezzature, macchine e impianti previsti dagli interventi SRD01 e SRD13 | MD7: c) spese generali | ME7: d) Investimenti immateriali | MF7: a) adeguamento di strutture, impianti e fabbricati funzionale al progetto di innovazione | MG7: b) acquisto di attrezzature, macchine e impianti previsti dall'intervento SRD15 | MH7: c) spese generali | MI7: d) Investimenti immateriali | MT7: a) adeguamento di strutture, impianti e fabbricati funzionale al progetto di innovazione | MU7: b) acquisto di attrezzature, macchine e impianti previsti dagli interventi SRD01 e SRD13 | MV7: c) spese generali | MW7: d) Investimenti immateriali | MX7: a) adeguamento di strutture, impianti e fabbricati funzionale al progetto di innovazione | MY7: b) acquisto di attrezzature, macchine e impianti previsti dall'intervento SRD15 | MZ7: c) spese generali | NA7: d) Investimenti immateriali | NL7: a) adeguamento di strutture, impianti e fabbricati funzionale al progetto di innovazione | NM7: b) acquisto di attrezzature, macchine e impianti previsti dagli interventi SRD01 e SRD13 | NN7: c) spese generali | NO7: d) Investimenti immateriali | NP7: a) adeguamento di strutture, impianti e fabbricati funzionale al progetto di innovazione | NQ7: b) acquisto di attrezzature, macchine e impianti previsti dall'intervento SRD15 | NR7: c) spese generali | NS7: d) Investimenti immateriali | OD7: a) adeguamento di strutture, impianti e fabbricati funzionale al progetto di innovazione | OE7: b) acquisto di attrezzature, macchine e impianti previsti dagli interventi SRD01 e SRD13 | OF7: c) spese generali | OG7: d) Investimenti immateriali | OH7: a) adeguamento di strutture, impianti e fabbricati funzionale al progetto di innovazione | OI7: b) acquisto di attrezzature, macchine e impianti previsti dall'intervento SRD15 | OJ7: c) spese generali | OK7: d) Investimenti immateriali
A8: -- Seleziona -- | E8: =IFERROR(DATEDIF(C8,D8,"D"),0) -> 0 | F8: --Seleziona-- | X8: =SUM(G8:W8) -> 0 | AP8: =SUM(Y8:AO8) -> 0 | BH8: =SUM(AQ8:BG8) -> 0 | BZ8: =SUM(BI8:BY8) -> 0 | CR8: =SUM(CA8:CQ8) -> 0 | DJ8: =SUM(CS8:DI8) -> 0 | EB8: =SUM(DK8:EA8) -> 0 | ET8: =SUM(EC8:ES8) -> 0 | FL8: =SUM(EU8:FK8) -> 0 | GD8: =SUM(FM8:GC8) -> 0 | GV8: =SUM(GE8:GU8) -> 0 | HN8: =SUM(GW8:HM8) -> 0 | IF8: =SUM(HO8:IE8) -> 0 | IX8: =SUM(IG8:IW8) -> 0 | JP8: =SUM(IY8:JO8) -> 0 | KH8: =SUM(JQ8:KG8) -> 0 | KZ8: =SUM(KI8:KY8) -> 0 | LR8: =SUM(LA8:LQ8) -> 0 | MJ8: =SUM(LS8:MI8) -> 0 | NB8: =SUM(MK8:NA8) -> 0 | NT8: =SUM(NC8:NS8) -> 0 | NU8: =G8+Y8+AQ8+BI8+CA8+CS8+DK8+EC8+EU8+FM8+GE8+GW8+HO8+IG8+IY8+JQ8+KI8+LA8+LS8+MK8+NC8 -> 0 | NV8: =H8+Z8+AR8+BJ8+CB8+CT8+DL8+ED8+EV8+FN8+GF8+GX8+HP8+IH8+IZ8+JR8+KJ8+LB8+LT8+ML8+ND8 -> 0 | NW8: =I8+AA8+AS8+BK8+CC8+CU8+DM8+EE8+EW8+FO8+GG8+GY8+HQ8+II8+JA8+JS8+KK8+LC8+LU8+MM8+NE8 -> 0 | NX8: =J8+AB8+AT8+BL8+CD8+CV8+DN8+EF8+EX8+FP8+GH8+GZ8+HR8+IJ8+JB8+JT8+KL8+LD8+LV8+MN8+NF8 -> 0 | NY8: =K8+AC8+AU8+BM8+CE8+CW8+DO8+EG8+EY8+FQ8+GI8+HA8+HS8+IK8+JC8+JU8+KM8+LE8+LW8+MO8+NG8 -> 0 | NZ8: =L8+AD8+AV8+BN8+CF8+CX8+DP8+EH8+EZ8+FR8+GJ8+HB8+HT8+IL8+JD8+JV8+KN8+LF8+LX8+MP8+NH8 -> 0 | OA8: =M8+AE8+AW8+BO8+CG8+CY8+DQ8+EI8+FA8+FS8+GK8+HC8+HU8+IM8+JE8+JW8+KO8+LG8+LY8+MQ8+NI8 -> 0 | OB8: =N8+AF8+AX8+BP8+CH8+CZ8+DR8+EJ8+FB8+FT8+GL8+HD8+HV8+IN8+JF8+JX8+KP8+LH8+LZ8+MR8+NJ8 -> 0 | ... OK8: =W8+AO8+BG8+BY8+CQ8+DI8+EA8+ES8+FK8+GC8+GU8+HM8+IE8+IW8+JO8+KG8+KY8+LQ8+MI8+NA8+NS8 -> 0 | OL8: =SUM(NU8:OK8) -> 0
A9: -- Seleziona -- | E9: =IFERROR(DATEDIF(C9,D9,"D"),0) -> 0 | F9: --Seleziona-- | X9: =SUM(G9:W9) -> 0 | AP9: =SUM(Y9:AO9) -> 0 | BH9: =SUM(AQ9:BG9) -> 0 | BZ9: =SUM(BI9:BY9) -> 0 | CR9: =SUM(CA9:CQ9) -> 0 | DJ9: =SUM(CS9:DI9) -> 0 | EB9: =SUM(DK9:EA9) -> 0 | ET9: =SUM(EC9:ES9) -> 0 | FL9: =SUM(EU9:FK9) -> 0 | GD9: =SUM(FM9:GC9) -> 0 | GV9: =SUM(GE9:GU9) -> 0 | HN9: =SUM(GW9:HM9) -> 0 | IF9: =SUM(HO9:IE9) -> 0 | IX9: =SUM(IG9:IW9) -> 0 | JP9: =SUM(IY9:JO9) -> 0 | KH9: =SUM(JQ9:KG9) -> 0 | KZ9: =SUM(KI9:KY9) -> 0 | LR9: =SUM(LA9:LQ9) -> 0 | MJ9: =SUM(LS9:MI9) -> 0 | NB9: =SUM(MK9:NA9) -> 0 | NT9: =SUM(NC9:NS9) -> 0 | NU9: =G9+Y9+AQ9+BI9+CA9+CS9+DK9+EC9+EU9+FM9+GE9+GW9+HO9+IG9+IY9+JQ9+KI9+LA9+LS9+MK9+NC9 -> 0 | NV9: =H9+Z9+AR9+BJ9+CB9+CT9+DL9+ED9+EV9+FN9+GF9+GX9+HP9+IH9+IZ9+JR9+KJ9+LB9+LT9+ML9+ND9 -> 0 | NW9: =I9+AA9+AS9+BK9+CC9+CU9+DM9+EE9+EW9+FO9+GG9+GY9+HQ9+II9+JA9+JS9+KK9+LC9+LU9+MM9+NE9 -> 0 | NX9: =J9+AB9+AT9+BL9+CD9+CV9+DN9+EF9+EX9+FP9+GH9+GZ9+HR9+IJ9+JB9+JT9+KL9+LD9+LV9+MN9+NF9 -> 0 | NY9: =K9+AC9+AU9+BM9+CE9+CW9+DO9+EG9+EY9+FQ9+GI9+HA9+HS9+IK9+JC9+JU9+KM9+LE9+LW9+MO9+NG9 -> 0 | NZ9: =L9+AD9+AV9+BN9+CF9+CX9+DP9+EH9+EZ9+FR9+GJ9+HB9+HT9+IL9+JD9+JV9+KN9+LF9+LX9+MP9+NH9 -> 0 | OA9: =M9+AE9+AW9+BO9+CG9+CY9+DQ9+EI9+FA9+FS9+GK9+HC9+HU9+IM9+JE9+JW9+KO9+LG9+LY9+MQ9+NI9 -> 0 | OB9: =N9+AF9+AX9+BP9+CH9+CZ9+DR9+EJ9+FB9+FT9+GL9+HD9+HV9+IN9+JF9+JX9+KP9+LH9+LZ9+MR9+NJ9 -> 0 | ... OK9: =W9+AO9+BG9+BY9+CQ9+DI9+EA9+ES9+FK9+GC9+GU9+HM9+IE9+IW9+JO9+KG9+KY9+LQ9+MI9+NA9+NS9 -> 0 | OL9: =SUM(NU9:OK9) -> 0
A10: -- Seleziona -- | E10: =IFERROR(DATEDIF(C10,D10,"D"),0) -> 0 | F10: --Seleziona-- | X10: =SUM(G10:W10) -> 0 | AP10: =SUM(Y10:AO10) -> 0 | BH10: =SUM(AQ10:BG10) -> 0 | BZ10: =SUM(BI10:BY10) -> 0 | CR10: =SUM(CA10:CQ10) -> 0 | DJ10: =SUM(CS10:DI10) -> 0 | EB10: =SUM(DK10:EA10) -> 0 | ET10: =SUM(EC10:ES10) -> 0 | FL10: =SUM(EU10:FK10) -> 0 | GD10: =SUM(FM10:GC10) -> 0 | GV10: =SUM(GE10:GU10) -> 0 | HN10: =SUM(GW10:HM10) -> 0 | IF10: =SUM(HO10:IE10) -> 0 | IX10: =SUM(IG10:IW10) -> 0 | JP10: =SUM(IY10:JO10) -> 0 | KH10: =SUM(JQ10:KG10) -> 0 | KZ10: =SUM(KI10:KY10) -> 0 | LR10: =SUM(LA10:LQ10) -> 0 | MJ10: =SUM(LS10:MI10) -> 0 | NB10: =SUM(MK10:NA10) -> 0 | NT10: =SUM(NC10:NS10) -> 0 | NU10: =G10+Y10+AQ10+BI10+CA10+CS10+DK10+EC10+EU10+FM10+GE10+GW10+HO10+IG10+IY10+JQ10+KI10+LA10+LS10+MK10+NC10 -> 0 | NV10: =H10+Z10+AR10+BJ10+CB10+CT10+DL10+ED10+EV10+FN10+GF10+GX10+HP10+IH10+IZ10+JR10+KJ10+LB10+LT10+ML10+ND10 -> 0 | NW10: =I10+AA10+AS10+BK10+CC10+CU10+DM10+EE10+EW10+FO10+GG10+GY10+HQ10+II10+JA10+JS10+KK10+LC10+LU10+MM10+NE10 -> 0 | NX10: =J10+AB10+AT10+BL10+CD10+CV10+DN10+EF10+EX10+FP10+GH10+GZ10+HR10+IJ10+JB10+JT10+KL10+LD10+LV10+MN10+NF10 -> 0 | NY10: =K10+AC10+AU10+BM10+CE10+CW10+DO10+EG10+EY10+FQ10+GI10+HA10+HS10+IK10+JC10+JU10+KM10+LE10+LW10+MO10+NG10 -> 0 | NZ10: =L10+AD10+AV10+BN10+CF10+CX10+DP10+EH10+EZ10+FR10+GJ10+HB10+HT10+IL10+JD10+JV10+KN10+LF10+LX10+MP10+NH10 -> 0 | OA10: =M10+AE10+AW10+BO10+CG10+CY10+DQ10+EI10+FA10+FS10+GK10+HC10+HU10+IM10+JE10+JW10+KO10+LG10+LY10+MQ10+NI10 -> 0 | OB10: =N10+AF10+AX10+BP10+CH10+CZ10+DR10+EJ10+FB10+FT10+GL10+HD10+HV10+IN10+JF10+JX10+KP10+LH10+LZ10+MR10+NJ10 -> 0 | ... OK10: =W10+AO10+BG10+BY10+CQ10+DI10+EA10+ES10+FK10+GC10+GU10+HM10+IE10+IW10+JO10+KG10+KY10+LQ10+MI10+NA10+NS10 -> 0 | OL10: =SUM(NU10:OK10) -> 0
A11: -- Seleziona -- | E11: =IFERROR(DATEDIF(C11,D11,"D"),0) -> 0 | F11: --Seleziona-- | X11: =SUM(G11:W11) -> 0 | AP11: =SUM(Y11:AO11) -> 0 | BH11: =SUM(AQ11:BG11) -> 0 | BZ11: =SUM(BI11:BY11) -> 0 | CR11: =SUM(CA11:CQ11) -> 0 | DJ11: =SUM(CS11:DI11) -> 0 | EB11: =SUM(DK11:EA11) -> 0 | ET11: =SUM(EC11:ES11) -> 0 | FL11: =SUM(EU11:FK11) -> 0 | GD11: =SUM(FM11:GC11) -> 0 | GV11: =SUM(GE11:GU11) -> 0 | HN11: =SUM(GW11:HM11) -> 0 | IF11: =SUM(HO11:IE11) -> 0 | IX11: =SUM(IG11:IW11) -> 0 | JP11: =SUM(IY11:JO11) -> 0 | KH11: =SUM(JQ11:KG11) -> 0 | KZ11: =SUM(KI11:KY11) -> 0 | LR11: =SUM(LA11:LQ11) -> 0 | MJ11: =SUM(LS11:MI11) -> 0 | NB11: =SUM(MK11:NA11) -> 0 | NT11: =SUM(NC11:NS11) -> 0 | NU11: =G11+Y11+AQ11+BI11+CA11+CS11+DK11+EC11+EU11+FM11+GE11+GW11+HO11+IG11+IY11+JQ11+KI11+LA11+LS11+MK11+NC11 -> 0 | NV11: =H11+Z11+AR11+BJ11+CB11+CT11+DL11+ED11+EV11+FN11+GF11+GX11+HP11+IH11+IZ11+JR11+KJ11+LB11+LT11+ML11+ND11 -> 0 | NW11: =I11+AA11+AS11+BK11+CC11+CU11+DM11+EE11+EW11+FO11+GG11+GY11+HQ11+II11+JA11+JS11+KK11+LC11+LU11+MM11+NE11 -> 0 | NX11: =J11+AB11+AT11+BL11+CD11+CV11+DN11+EF11+EX11+FP11+GH11+GZ11+HR11+IJ11+JB11+JT11+KL11+LD11+LV11+MN11+NF11 -> 0 | NY11: =K11+AC11+AU11+BM11+CE11+CW11+DO11+EG11+EY11+FQ11+GI11+HA11+HS11+IK11+JC11+JU11+KM11+LE11+LW11+MO11+NG11 -> 0 | NZ11: =L11+AD11+AV11+BN11+CF11+CX11+DP11+EH11+EZ11+FR11+GJ11+HB11+HT11+IL11+JD11+JV11+KN11+LF11+LX11+MP11+NH11 -> 0 | OA11: =M11+AE11+AW11+BO11+CG11+CY11+DQ11+EI11+FA11+FS11+GK11+HC11+HU11+IM11+JE11+JW11+KO11+LG11+LY11+MQ11+NI11 -> 0 | OB11: =N11+AF11+AX11+BP11+CH11+CZ11+DR11+EJ11+FB11+FT11+GL11+HD11+HV11+IN11+JF11+JX11+KP11+LH11+LZ11+MR11+NJ11 -> 0 | ... OK11: =W11+AO11+BG11+BY11+CQ11+DI11+EA11+ES11+FK11+GC11+GU11+HM11+IE11+IW11+JO11+KG11+KY11+LQ11+MI11+NA11+NS11 -> 0 | OL11: =SUM(NU11:OK11) -> 0
A12: -- Seleziona -- | E12: =IFERROR(DATEDIF(C12,D12,"D"),0) -> 0 | F12: --Seleziona-- | X12: =SUM(G12:W12) -> 0 | AP12: =SUM(Y12:AO12) -> 0 | BH12: =SUM(AQ12:BG12) -> 0 | BZ12: =SUM(BI12:BY12) -> 0 | CR12: =SUM(CA12:CQ12) -> 0 | DJ12: =SUM(CS12:DI12) -> 0 | EB12: =SUM(DK12:EA12) -> 0 | ET12: =SUM(EC12:ES12) -> 0 | FL12: =SUM(EU12:FK12) -> 0 | GD12: =SUM(FM12:GC12) -> 0 | GV12: =SUM(GE12:GU12) -> 0 | HN12: =SUM(GW12:HM12) -> 0 | IF12: =SUM(HO12:IE12) -> 0 | IX12: =SUM(IG12:IW12) -> 0 | JP12: =SUM(IY12:JO12) -> 0 | KH12: =SUM(JQ12:KG12) -> 0 | KZ12: =SUM(KI12:KY12) -> 0 | LR12: =SUM(LA12:LQ12) -> 0 | MJ12: =SUM(LS12:MI12) -> 0 | NB12: =SUM(MK12:NA12) -> 0 | NT12: =SUM(NC12:NS12) -> 0 | NU12: =G12+Y12+AQ12+BI12+CA12+CS12+DK12+EC12+EU12+FM12+GE12+GW12+HO12+IG12+IY12+JQ12+KI12+LA12+LS12+MK12+NC12 -> 0 | NV12: =H12+Z12+AR12+BJ12+CB12+CT12+DL12+ED12+EV12+FN12+GF12+GX12+HP12+IH12+IZ12+JR12+KJ12+LB12+LT12+ML12+ND12 -> 0 | NW12: =I12+AA12+AS12+BK12+CC12+CU12+DM12+EE12+EW12+FO12+GG12+GY12+HQ12+II12+JA12+JS12+KK12+LC12+LU12+MM12+NE12 -> 0 | NX12: =J12+AB12+AT12+BL12+CD12+CV12+DN12+EF12+EX12+FP12+GH12+GZ12+HR12+IJ12+JB12+JT12+KL12+LD12+LV12+MN12+NF12 -> 0 | NY12: =K12+AC12+AU12+BM12+CE12+CW12+DO12+EG12+EY12+FQ12+GI12+HA12+HS12+IK12+JC12+JU12+KM12+LE12+LW12+MO12+NG12 -> 0 | NZ12: =L12+AD12+AV12+BN12+CF12+CX12+DP12+EH12+EZ12+FR12+GJ12+HB12+HT12+IL12+JD12+JV12+KN12+LF12+LX12+MP12+NH12 -> 0 | OA12: =M12+AE12+AW12+BO12+CG12+CY12+DQ12+EI12+FA12+FS12+GK12+HC12+HU12+IM12+JE12+JW12+KO12+LG12+LY12+MQ12+NI12 -> 0 | OB12: =N12+AF12+AX12+BP12+CH12+CZ12+DR12+EJ12+FB12+FT12+GL12+HD12+HV12+IN12+JF12+JX12+KP12+LH12+LZ12+MR12+NJ12 -> 0 | ... OK12: =W12+AO12+BG12+BY12+CQ12+DI12+EA12+ES12+FK12+GC12+GU12+HM12+IE12+IW12+JO12+KG12+KY12+LQ12+MI12+NA12+NS12 -> 0 | OL12: =SUM(NU12:OK12) -> 0
A13: -- Seleziona -- | E13: =IFERROR(DATEDIF(C13,D13,"D"),0) -> 0 | F13: --Seleziona-- | X13: =SUM(G13:W13) -> 0 | AP13: =SUM(Y13:AO13) -> 0 | BH13: =SUM(AQ13:BG13) -> 0 | BZ13: =SUM(BI13:BY13) -> 0 | CR13: =SUM(CA13:CQ13) -> 0 | DJ13: =SUM(CS13:DI13) -> 0 | EB13: =SUM(DK13:EA13) -> 0 | ET13: =SUM(EC13:ES13) -> 0 | FL13: =SUM(EU13:FK13) -> 0 | GD13: =SUM(FM13:GC13) -> 0 | GV13: =SUM(GE13:GU13) -> 0 | HN13: =SUM(GW13:HM13) -> 0 | IF13: =SUM(HO13:IE13) -> 0 | IX13: =SUM(IG13:IW13) -> 0 | JP13: =SUM(IY13:JO13) -> 0 | KH13: =SUM(JQ13:KG13) -> 0 | KZ13: =SUM(KI13:KY13) -> 0 | LR13: =SUM(LA13:LQ13) -> 0 | MJ13: =SUM(LS13:MI13) -> 0 | NB13: =SUM(MK13:NA13) -> 0 | NT13: =SUM(NC13:NS13) -> 0 | NU13: =G13+Y13+AQ13+BI13+CA13+CS13+DK13+EC13+EU13+FM13+GE13+GW13+HO13+IG13+IY13+JQ13+KI13+LA13+LS13+MK13+NC13 -> 0 | NV13: =H13+Z13+AR13+BJ13+CB13+CT13+DL13+ED13+EV13+FN13+GF13+GX13+HP13+IH13+IZ13+JR13+KJ13+LB13+LT13+ML13+ND13 -> 0 | NW13: =I13+AA13+AS13+BK13+CC13+CU13+DM13+EE13+EW13+FO13+GG13+GY13+HQ13+II13+JA13+JS13+KK13+LC13+LU13+MM13+NE13 -> 0 | NX13: =J13+AB13+AT13+BL13+CD13+CV13+DN13+EF13+EX13+FP13+GH13+GZ13+HR13+IJ13+JB13+JT13+KL13+LD13+LV13+MN13+NF13 -> 0 | NY13: =K13+AC13+AU13+BM13+CE13+CW13+DO13+EG13+EY13+FQ13+GI13+HA13+HS13+IK13+JC13+JU13+KM13+LE13+LW13+MO13+NG13 -> 0 | NZ13: =L13+AD13+AV13+BN13+CF13+CX13+DP13+EH13+EZ13+FR13+GJ13+HB13+HT13+IL13+JD13+JV13+KN13+LF13+LX13+MP13+NH13 -> 0 | OA13: =M13+AE13+AW13+BO13+CG13+CY13+DQ13+EI13+FA13+FS13+GK13+HC13+HU13+IM13+JE13+JW13+KO13+LG13+LY13+MQ13+NI13 -> 0 | OB13: =N13+AF13+AX13+BP13+CH13+CZ13+DR13+EJ13+FB13+FT13+GL13+HD13+HV13+IN13+JF13+JX13+KP13+LH13+LZ13+MR13+NJ13 -> 0 | ... OK13: =W13+AO13+BG13+BY13+CQ13+DI13+EA13+ES13+FK13+GC13+GU13+HM13+IE13+IW13+JO13+KG13+KY13+LQ13+MI13+NA13+NS13 -> 0 | OL13: =SUM(NU13:OK13) -> 0
A14: -- Seleziona -- | E14: =IFERROR(DATEDIF(C14,D14,"D"),0) -> 0 | F14: --Seleziona-- | X14: =SUM(G14:W14) -> 0 | AP14: =SUM(Y14:AO14) -> 0 | BH14: =SUM(AQ14:BG14) -> 0 | BZ14: =SUM(BI14:BY14) -> 0 | CR14: =SUM(CA14:CQ14) -> 0 | DJ14: =SUM(CS14:DI14) -> 0 | EB14: =SUM(DK14:EA14) -> 0 | ET14: =SUM(EC14:ES14) -> 0 | FL14: =SUM(EU14:FK14) -> 0 | GD14: =SUM(FM14:GC14) -> 0 | GV14: =SUM(GE14:GU14) -> 0 | HN14: =SUM(GW14:HM14) -> 0 | IF14: =SUM(HO14:IE14) -> 0 | IX14: =SUM(IG14:IW14) -> 0 | JP14: =SUM(IY14:JO14) -> 0 | KH14: =SUM(JQ14:KG14) -> 0 | KZ14: =SUM(KI14:KY14) -> 0 | LR14: =SUM(LA14:LQ14) -> 0 | MJ14: =SUM(LS14:MI14) -> 0 | NB14: =SUM(MK14:NA14) -> 0 | NT14: =SUM(NC14:NS14) -> 0 | NU14: =G14+Y14+AQ14+BI14+CA14+CS14+DK14+EC14+EU14+FM14+GE14+GW14+HO14+IG14+IY14+JQ14+KI14+LA14+LS14+MK14+NC14 -> 0 | NV14: =H14+Z14+AR14+BJ14+CB14+CT14+DL14+ED14+EV14+FN14+GF14+GX14+HP14+IH14+IZ14+JR14+KJ14+LB14+LT14+ML14+ND14 -> 0 | NW14: =I14+AA14+AS14+BK14+CC14+CU14+DM14+EE14+EW14+FO14+GG14+GY14+HQ14+II14+JA14+JS14+KK14+LC14+LU14+MM14+NE14 -> 0 | NX14: =J14+AB14+AT14+BL14+CD14+CV14+DN14+EF14+EX14+FP14+GH14+GZ14+HR14+IJ14+JB14+JT14+KL14+LD14+LV14+MN14+NF14 -> 0 | NY14: =K14+AC14+AU14+BM14+CE14+CW14+DO14+EG14+EY14+FQ14+GI14+HA14+HS14+IK14+JC14+JU14+KM14+LE14+LW14+MO14+NG14 -> 0 | NZ14: =L14+AD14+AV14+BN14+CF14+CX14+DP14+EH14+EZ14+FR14+GJ14+HB14+HT14+IL14+JD14+JV14+KN14+LF14+LX14+MP14+NH14 -> 0 | OA14: =M14+AE14+AW14+BO14+CG14+CY14+DQ14+EI14+FA14+FS14+GK14+HC14+HU14+IM14+JE14+JW14+KO14+LG14+LY14+MQ14+NI14 -> 0 | OB14: =N14+AF14+AX14+BP14+CH14+CZ14+DR14+EJ14+FB14+FT14+GL14+HD14+HV14+IN14+JF14+JX14+KP14+LH14+LZ14+MR14+NJ14 -> 0 | ... OK14: =W14+AO14+BG14+BY14+CQ14+DI14+EA14+ES14+FK14+GC14+GU14+HM14+IE14+IW14+JO14+KG14+KY14+LQ14+MI14+NA14+NS14 -> 0 | OL14: =SUM(NU14:OK14) -> 0
A15: -- Seleziona -- | E15: =IFERROR(DATEDIF(C15,D15,"D"),0) -> 0 | F15: --Seleziona-- | X15: =SUM(G15:W15) -> 0 | AP15: =SUM(Y15:AO15) -> 0 | BH15: =SUM(AQ15:BG15) -> 0 | BZ15: =SUM(BI15:BY15) -> 0 | CR15: =SUM(CA15:CQ15) -> 0 | DJ15: =SUM(CS15:DI15) -> 0 | EB15: =SUM(DK15:EA15) -> 0 | ET15: =SUM(EC15:ES15) -> 0 | FL15: =SUM(EU15:FK15) -> 0 | GD15: =SUM(FM15:GC15) -> 0 | GV15: =SUM(GE15:GU15) -> 0 | HN15: =SUM(GW15:HM15) -> 0 | IF15: =SUM(HO15:IE15) -> 0 | IX15: =SUM(IG15:IW15) -> 0 | JP15: =SUM(IY15:JO15) -> 0 | KH15: =SUM(JQ15:KG15) -> 0 | KZ15: =SUM(KI15:KY15) -> 0 | LR15: =SUM(LA15:LQ15) -> 0 | MJ15: =SUM(LS15:MI15) -> 0 | NB15: =SUM(MK15:NA15) -> 0 | NT15: =SUM(NC15:NS15) -> 0 | NU15: =G15+Y15+AQ15+BI15+CA15+CS15+DK15+EC15+EU15+FM15+GE15+GW15+HO15+IG15+IY15+JQ15+KI15+LA15+LS15+MK15+NC15 -> 0 | NV15: =H15+Z15+AR15+BJ15+CB15+CT15+DL15+ED15+EV15+FN15+GF15+GX15+HP15+IH15+IZ15+JR15+KJ15+LB15+LT15+ML15+ND15 -> 0 | NW15: =I15+AA15+AS15+BK15+CC15+CU15+DM15+EE15+EW15+FO15+GG15+GY15+HQ15+II15+JA15+JS15+KK15+LC15+LU15+MM15+NE15 -> 0 | NX15: =J15+AB15+AT15+BL15+CD15+CV15+DN15+EF15+EX15+FP15+GH15+GZ15+HR15+IJ15+JB15+JT15+KL15+LD15+LV15+MN15+NF15 -> 0 | NY15: =K15+AC15+AU15+BM15+CE15+CW15+DO15+EG15+EY15+FQ15+GI15+HA15+HS15+IK15+JC15+JU15+KM15+LE15+LW15+MO15+NG15 -> 0 | NZ15: =L15+AD15+AV15+BN15+CF15+CX15+DP15+EH15+EZ15+FR15+GJ15+HB15+HT15+IL15+JD15+JV15+KN15+LF15+LX15+MP15+NH15 -> 0 | OA15: =M15+AE15+AW15+BO15+CG15+CY15+DQ15+EI15+FA15+FS15+GK15+HC15+HU15+IM15+JE15+JW15+KO15+LG15+LY15+MQ15+NI15 -> 0 | OB15: =N15+AF15+AX15+BP15+CH15+CZ15+DR15+EJ15+FB15+FT15+GL15+HD15+HV15+IN15+JF15+JX15+KP15+LH15+LZ15+MR15+NJ15 -> 0 | ... OK15: =W15+AO15+BG15+BY15+CQ15+DI15+EA15+ES15+FK15+GC15+GU15+HM15+IE15+IW15+JO15+KG15+KY15+LQ15+MI15+NA15+NS15 -> 0 | OL15: =SUM(NU15:OK15) -> 0
A16: -- Seleziona -- | E16: =IFERROR(DATEDIF(C16,D16,"D"),0) -> 0 | F16: --Seleziona-- | X16: =SUM(G16:W16) -> 0 | AP16: =SUM(Y16:AO16) -> 0 | BH16: =SUM(AQ16:BG16) -> 0 | BZ16: =SUM(BI16:BY16) -> 0 | CR16: =SUM(CA16:CQ16) -> 0 | DJ16: =SUM(CS16:DI16) -> 0 | EB16: =SUM(DK16:EA16) -> 0 | ET16: =SUM(EC16:ES16) -> 0 | FL16: =SUM(EU16:FK16) -> 0 | GD16: =SUM(FM16:GC16) -> 0 | GV16: =SUM(GE16:GU16) -> 0 | HN16: =SUM(GW16:HM16) -> 0 | IF16: =SUM(HO16:IE16) -> 0 | IX16: =SUM(IG16:IW16) -> 0 | JP16: =SUM(IY16:JO16) -> 0 | KH16: =SUM(JQ16:KG16) -> 0 | KZ16: =SUM(KI16:KY16) -> 0 | LR16: =SUM(LA16:LQ16) -> 0 | MJ16: =SUM(LS16:MI16) -> 0 | NB16: =SUM(MK16:NA16) -> 0 | NT16: =SUM(NC16:NS16) -> 0 | NU16: =G16+Y16+AQ16+BI16+CA16+CS16+DK16+EC16+EU16+FM16+GE16+GW16+HO16+IG16+IY16+JQ16+KI16+LA16+LS16+MK16+NC16 -> 0 | NV16: =H16+Z16+AR16+BJ16+CB16+CT16+DL16+ED16+EV16+FN16+GF16+GX16+HP16+IH16+IZ16+JR16+KJ16+LB16+LT16+ML16+ND16 -> 0 | NW16: =I16+AA16+AS16+BK16+CC16+CU16+DM16+EE16+EW16+FO16+GG16+GY16+HQ16+II16+JA16+JS16+KK16+LC16+LU16+MM16+NE16 -> 0 | NX16: =J16+AB16+AT16+BL16+CD16+CV16+DN16+EF16+EX16+FP16+GH16+GZ16+HR16+IJ16+JB16+JT16+KL16+LD16+LV16+MN16+NF16 -> 0 | NY16: =K16+AC16+AU16+BM16+CE16+CW16+DO16+EG16+EY16+FQ16+GI16+HA16+HS16+IK16+JC16+JU16+KM16+LE16+LW16+MO16+NG16 -> 0 | NZ16: =L16+AD16+AV16+BN16+CF16+CX16+DP16+EH16+EZ16+FR16+GJ16+HB16+HT16+IL16+JD16+JV16+KN16+LF16+LX16+MP16+NH16 -> 0 | OA16: =M16+AE16+AW16+BO16+CG16+CY16+DQ16+EI16+FA16+FS16+GK16+HC16+HU16+IM16+JE16+JW16+KO16+LG16+LY16+MQ16+NI16 -> 0 | OB16: =N16+AF16+AX16+BP16+CH16+CZ16+DR16+EJ16+FB16+FT16+GL16+HD16+HV16+IN16+JF16+JX16+KP16+LH16+LZ16+MR16+NJ16 -> 0 | ... OK16: =W16+AO16+BG16+BY16+CQ16+DI16+EA16+ES16+FK16+GC16+GU16+HM16+IE16+IW16+JO16+KG16+KY16+LQ16+MI16+NA16+NS16 -> 0 | OL16: =SUM(NU16:OK16) -> 0
A17: -- Seleziona -- | E17: =IFERROR(DATEDIF(C17,D17,"D"),0) -> 0 | F17: --Seleziona-- | X17: =SUM(G17:W17) -> 0 | AP17: =SUM(Y17:AO17) -> 0 | BH17: =SUM(AQ17:BG17) -> 0 | BZ17: =SUM(BI17:BY17) -> 0 | CR17: =SUM(CA17:CQ17) -> 0 | DJ17: =SUM(CS17:DI17) -> 0 | EB17: =SUM(DK17:EA17) -> 0 | ET17: =SUM(EC17:ES17) -> 0 | FL17: =SUM(EU17:FK17) -> 0 | GD17: =SUM(FM17:GC17) -> 0 | GV17: =SUM(GE17:GU17) -> 0 | HN17: =SUM(GW17:HM17) -> 0 | IF17: =SUM(HO17:IE17) -> 0 | IX17: =SUM(IG17:IW17) -> 0 | JP17: =SUM(IY17:JO17) -> 0 | KH17: =SUM(JQ17:KG17) -> 0 | KZ17: =SUM(KI17:KY17) -> 0 | LR17: =SUM(LA17:LQ17) -> 0 | MJ17: =SUM(LS17:MI17) -> 0 | NB17: =SUM(MK17:NA17) -> 0 | NT17: =SUM(NC17:NS17) -> 0 | NU17: =G17+Y17+AQ17+BI17+CA17+CS17+DK17+EC17+EU17+FM17+GE17+GW17+HO17+IG17+IY17+JQ17+KI17+LA17+LS17+MK17+NC17 -> 0 | NV17: =H17+Z17+AR17+BJ17+CB17+CT17+DL17+ED17+EV17+FN17+GF17+GX17+HP17+IH17+IZ17+JR17+KJ17+LB17+LT17+ML17+ND17 -> 0 | NW17: =I17+AA17+AS17+BK17+CC17+CU17+DM17+EE17+EW17+FO17+GG17+GY17+HQ17+II17+JA17+JS17+KK17+LC17+LU17+MM17+NE17 -> 0 | NX17: =J17+AB17+AT17+BL17+CD17+CV17+DN17+EF17+EX17+FP17+GH17+GZ17+HR17+IJ17+JB17+JT17+KL17+LD17+LV17+MN17+NF17 -> 0 | NY17: =K17+AC17+AU17+BM17+CE17+CW17+DO17+EG17+EY17+FQ17+GI17+HA17+HS17+IK17+JC17+JU17+KM17+LE17+LW17+MO17+NG17 -> 0 | NZ17: =L17+AD17+AV17+BN17+CF17+CX17+DP17+EH17+EZ17+FR17+GJ17+HB17+HT17+IL17+JD17+JV17+KN17+LF17+LX17+MP17+NH17 -> 0 | OA17: =M17+AE17+AW17+BO17+CG17+CY17+DQ17+EI17+FA17+FS17+GK17+HC17+HU17+IM17+JE17+JW17+KO17+LG17+LY17+MQ17+NI17 -> 0 | OB17: =N17+AF17+AX17+BP17+CH17+CZ17+DR17+EJ17+FB17+FT17+GL17+HD17+HV17+IN17+JF17+JX17+KP17+LH17+LZ17+MR17+NJ17 -> 0 | ... OK17: =W17+AO17+BG17+BY17+CQ17+DI17+EA17+ES17+FK17+GC17+GU17+HM17+IE17+IW17+JO17+KG17+KY17+LQ17+MI17+NA17+NS17 -> 0 | OL17: =SUM(NU17:OK17) -> 0
A18: -- Seleziona -- | E18: =IFERROR(DATEDIF(C18,D18,"D"),0) -> 0 | F18: --Seleziona-- | X18: =SUM(G18:W18) -> 0 | AP18: =SUM(Y18:AO18) -> 0 | BH18: =SUM(AQ18:BG18) -> 0 | BZ18: =SUM(BI18:BY18) -> 0 | CR18: =SUM(CA18:CQ18) -> 0 | DJ18: =SUM(CS18:DI18) -> 0 | EB18: =SUM(DK18:EA18) -> 0 | ET18: =SUM(EC18:ES18) -> 0 | FL18: =SUM(EU18:FK18) -> 0 | GD18: =SUM(FM18:GC18) -> 0 | GV18: =SUM(GE18:GU18) -> 0 | HN18: =SUM(GW18:HM18) -> 0 | IF18: =SUM(HO18:IE18) -> 0 | IX18: =SUM(IG18:IW18) -> 0 | JP18: =SUM(IY18:JO18) -> 0 | KH18: =SUM(JQ18:KG18) -> 0 | KZ18: =SUM(KI18:KY18) -> 0 | LR18: =SUM(LA18:LQ18) -> 0 | MJ18: =SUM(LS18:MI18) -> 0 | NB18: =SUM(MK18:NA18) -> 0 | NT18: =SUM(NC18:NS18) -> 0 | NU18: =G18+Y18+AQ18+BI18+CA18+CS18+DK18+EC18+EU18+FM18+GE18+GW18+HO18+IG18+IY18+JQ18+KI18+LA18+LS18+MK18+NC18 -> 0 | NV18: =H18+Z18+AR18+BJ18+CB18+CT18+DL18+ED18+EV18+FN18+GF18+GX18+HP18+IH18+IZ18+JR18+KJ18+LB18+LT18+ML18+ND18 -> 0 | NW18: =I18+AA18+AS18+BK18+CC18+CU18+DM18+EE18+EW18+FO18+GG18+GY18+HQ18+II18+JA18+JS18+KK18+LC18+LU18+MM18+NE18 -> 0 | NX18: =J18+AB18+AT18+BL18+CD18+CV18+DN18+EF18+EX18+FP18+GH18+GZ18+HR18+IJ18+JB18+JT18+KL18+LD18+LV18+MN18+NF18 -> 0 | NY18: =K18+AC18+AU18+BM18+CE18+CW18+DO18+EG18+EY18+FQ18+GI18+HA18+HS18+IK18+JC18+JU18+KM18+LE18+LW18+MO18+NG18 -> 0 | NZ18: =L18+AD18+AV18+BN18+CF18+CX18+DP18+EH18+EZ18+FR18+GJ18+HB18+HT18+IL18+JD18+JV18+KN18+LF18+LX18+MP18+NH18 -> 0 | OA18: =M18+AE18+AW18+BO18+CG18+CY18+DQ18+EI18+FA18+FS18+GK18+HC18+HU18+IM18+JE18+JW18+KO18+LG18+LY18+MQ18+NI18 -> 0 | OB18: =N18+AF18+AX18+BP18+CH18+CZ18+DR18+EJ18+FB18+FT18+GL18+HD18+HV18+IN18+JF18+JX18+KP18+LH18+LZ18+MR18+NJ18 -> 0 | ... OK18: =W18+AO18+BG18+BY18+CQ18+DI18+EA18+ES18+FK18+GC18+GU18+HM18+IE18+IW18+JO18+KG18+KY18+LQ18+MI18+NA18+NS18 -> 0 | OL18: =SUM(NU18:OK18) -> 0
A19: -- Seleziona -- | E19: =IFERROR(DATEDIF(C19,D19,"D"),0) -> 0 | F19: --Seleziona-- | X19: =SUM(G19:W19) -> 0 | AP19: =SUM(Y19:AO19) -> 0 | BH19: =SUM(AQ19:BG19) -> 0 | BZ19: =SUM(BI19:BY19) -> 0 | CR19: =SUM(CA19:CQ19) -> 0 | DJ19: =SUM(CS19:DI19) -> 0 | EB19: =SUM(DK19:EA19) -> 0 | ET19: =SUM(EC19:ES19) -> 0 | FL19: =SUM(EU19:FK19) -> 0 | GD19: =SUM(FM19:GC19) -> 0 | GV19: =SUM(GE19:GU19) -> 0 | HN19: =SUM(GW19:HM19) -> 0 | IF19: =SUM(HO19:IE19) -> 0 | IX19: =SUM(IG19:IW19) -> 0 | JP19: =SUM(IY19:JO19) -> 0 | KH19: =SUM(JQ19:KG19) -> 0 | KZ19: =SUM(KI19:KY19) -> 0 | LR19: =SUM(LA19:LQ19) -> 0 | MJ19: =SUM(LS19:MI19) -> 0 | NB19: =SUM(MK19:NA19) -> 0 | NT19: =SUM(NC19:NS19) -> 0 | NU19: =G19+Y19+AQ19+BI19+CA19+CS19+DK19+EC19+EU19+FM19+GE19+GW19+HO19+IG19+IY19+JQ19+KI19+LA19+LS19+MK19+NC19 -> 0 | NV19: =H19+Z19+AR19+BJ19+CB19+CT19+DL19+ED19+EV19+FN19+GF19+GX19+HP19+IH19+IZ19+JR19+KJ19+LB19+LT19+ML19+ND19 -> 0 | NW19: =I19+AA19+AS19+BK19+CC19+CU19+DM19+EE19+EW19+FO19+GG19+GY19+HQ19+II19+JA19+JS19+KK19+LC19+LU19+MM19+NE19 -> 0 | NX19: =J19+AB19+AT19+BL19+CD19+CV19+DN19+EF19+EX19+FP19+GH19+GZ19+HR19+IJ19+JB19+JT19+KL19+LD19+LV19+MN19+NF19 -> 0 | NY19: =K19+AC19+AU19+BM19+CE19+CW19+DO19+EG19+EY19+FQ19+GI19+HA19+HS19+IK19+JC19+JU19+KM19+LE19+LW19+MO19+NG19 -> 0 | NZ19: =L19+AD19+AV19+BN19+CF19+CX19+DP19+EH19+EZ19+FR19+GJ19+HB19+HT19+IL19+JD19+JV19+KN19+LF19+LX19+MP19+NH19 -> 0 | OA19: =M19+AE19+AW19+BO19+CG19+CY19+DQ19+EI19+FA19+FS19+GK19+HC19+HU19+IM19+JE19+JW19+KO19+LG19+LY19+MQ19+NI19 -> 0 | OB19: =N19+AF19+AX19+BP19+CH19+CZ19+DR19+EJ19+FB19+FT19+GL19+HD19+HV19+IN19+JF19+JX19+KP19+LH19+LZ19+MR19+NJ19 -> 0 | ... OK19: =W19+AO19+BG19+BY19+CQ19+DI19+EA19+ES19+FK19+GC19+GU19+HM19+IE19+IW19+JO19+KG19+KY19+LQ19+MI19+NA19+NS19 -> 0 | OL19: =SUM(NU19:OK19) -> 0
... A47: -- Seleziona -- | E47: =IFERROR(DATEDIF(C47,D47,"D"),0) -> 0 | F47: --Seleziona-- | X47: =SUM(G47:W47) -> 0 | AP47: =SUM(Y47:AO47) -> 0 | BH47: =SUM(AQ47:BG47) -> 0 | BZ47: =SUM(BI47:BY47) -> 0 | CR47: =SUM(CA47:CQ47) -> 0 | DJ47: =SUM(CS47:DI47) -> 0 | EB47: =SUM(DK47:EA47) -> 0 | ET47: =SUM(EC47:ES47) -> 0 | FL47: =SUM(EU47:FK47) -> 0 | GD47: =SUM(FM47:GC47) -> 0 | GV47: =SUM(GE47:GU47) -> 0 | HN47: =SUM(GW47:HM47) -> 0 | IF47: =SUM(HO47:IE47) -> 0 | IX47: =SUM(IG47:IW47) -> 0 | JP47: =SUM(IY47:JO47) -> 0 | KH47: =SUM(JQ47:KG47) -> 0 | KZ47: =SUM(KI47:KY47) -> 0 | LR47: =SUM(LA47:LQ47) -> 0 | MJ47: =SUM(LS47:MI47) -> 0 | NB47: =SUM(MK47:NA47) -> 0 | NT47: =SUM(NC47:NS47) -> 0 | NU47: =G47+Y47+AQ47+BI47+CA47+CS47+DK47+EC47+EU47+FM47+GE47+GW47+HO47+IG47+IY47+JQ47+KI47+LA47+LS47+MK47+NC47 -> 0 | NV47: =H47+Z47+AR47+BJ47+CB47+CT47+DL47+ED47+EV47+FN47+GF47+GX47+HP47+IH47+IZ47+JR47+KJ47+LB47+LT47+ML47+ND47 -> 0 | NW47: =I47+AA47+AS47+BK47+CC47+CU47+DM47+EE47+EW47+FO47+GG47+GY47+HQ47+II47+JA47+JS47+KK47+LC47+LU47+MM47+NE47 -> 0 | NX47: =J47+AB47+AT47+BL47+CD47+CV47+DN47+EF47+EX47+FP47+GH47+GZ47+HR47+IJ47+JB47+JT47+KL47+LD47+LV47+MN47+NF47 -> 0 | NY47: =K47+AC47+AU47+BM47+CE47+CW47+DO47+EG47+EY47+FQ47+GI47+HA47+HS47+IK47+JC47+JU47+KM47+LE47+LW47+MO47+NG47 -> 0 | NZ47: =L47+AD47+AV47+BN47+CF47+CX47+DP47+EH47+EZ47+FR47+GJ47+HB47+HT47+IL47+JD47+JV47+KN47+LF47+LX47+MP47+NH47 -> 0 | OA47: =M47+AE47+AW47+BO47+CG47+CY47+DQ47+EI47+FA47+FS47+GK47+HC47+HU47+IM47+JE47+JW47+KO47+LG47+LY47+MQ47+NI47 -> 0 | OB47: =N47+AF47+AX47+BP47+CH47+CZ47+DR47+EJ47+FB47+FT47+GL47+HD47+HV47+IN47+JF47+JX47+KP47+LH47+LZ47+MR47+NJ47 -> 0 | ... OK47: =W47+AO47+BG47+BY47+CQ47+DI47+EA47+ES47+FK47+GC47+GU47+HM47+IE47+IW47+JO47+KG47+KY47+LQ47+MI47+NA47+NS47 -> 0 | OL47: =SUM(NU47:OK47) -> 0

Sheet Piano finanziario generale
A1: Piano finanziario generale | B1: Torna all'indice
A2: Il seguente riepilogo viene calcolato in automatico in base alla compilazione della sezione "Attività e Costi" e ha il solo scopo di sintetizzare le informazioni finanziarie
A4: SPESA AMMISSIBILE
B5: € | C5: %
A6: Contributo pubblico richiesto | B6: =B28 -> 0 | C6: =IFERROR(B6/B$8,0) -> 0
A7: Quota privata di cofinanziamento (solo in caso di investimenti) | B7: =SUM('Attività e Costi'!OD8:OG47)*0.4+SUM('Attività e Costi'!OH8:OK47)*0.35 -> 0 | C7: =IFERROR(B7/B$8,0) -> 0
A8: Costo totale del progetto (spesa ammissibile) | B8: =B6+B7 -> 0 | C8: =SUM(C6:C7) -> 0
A9: =IF(B8<>'Info generali'!B47,"Controllo totali: Attenzione! Il totale non coincide con il costo del progetto","Controllo totali: OK") -> Controllo totali: OK
A12: RIEPILOGO VOCI DI COSTO
A14: VOCI DI SPESA | B14: CONTRIBUTO PUBBLICO | D14: CAPOFILA | F14: PARTNER 1 | H14: PARTNER 2 | J14: PARTNER 3 | L14: PARTNER 4 | N14: PARTNER 5 | P14: PARTNER 6 | R14: PARTNER 7 | T14: PARTNER 8 | V14: PARTNER 9 | X14: PARTNER 10 | Z14: PARTNER 11 | AB14: PARTNER 12 | AD14: PARTNER 13 | AF14: PARTNER 14 | AH14: PARTNER 15 | AJ14: PARTNER 16 | AL14: PARTNER 17 | AN14: PARTNER 18 | AP14: PARTNER 19 | AR14: PARTNER 20
D15: =IF(Partenariato!B4<>0,Partenariato!B4,"") | F15: =IF(Partenariato!C4<>0,Partenariato!C4,"") | H15: =IF(Partenariato!D4<>0,Partenariato!D4,"") | J15: =IF(Partenariato!E4<>0,Partenariato!E4,"") | L15: =IF(Partenariato!F4<>0,Partenariato!F4,"") | N15: =IF(Partenariato!G4<>0,Partenariato!G4,"") | P15: =IF(Partenariato!H4<>0,Partenariato!H4,"") | R15: =IF(Partenariato!I4<>0,Partenariato!I4,"") | T15: =IF(Partenariato!J4<>0,Partenariato!J4,"") | V15: =IF(Partenariato!K4<>0,Partenariato!K4,"") | X15: =IF(Partenariato!L4<>0,Partenariato!L4,"") | Z15: =IF(Partenariato!M4<>0,Partenariato!M4,"") | AB15: =IF(Partenariato!N4<>0,Partenariato!N4,"") | AD15: =IF(Partenariato!O4<>0,Partenariato!O4,"") | AF15: =IF(Partenariato!P4<>0,Partenariato!P4,"") | AH15: =IF(Partenariato!Q4<>0,Partenariato!Q4,"") | AJ15: =IF(Partenariato!R4<>0,Partenariato!R4,"") | AL15: =IF(Partenariato!S4<>0,Partenariato!S4,"") | AN15: =IF(Partenariato!T4<>0,Partenariato!T4,"") | AP15: =IF(Partenariato!U4<>0,Partenariato!U4,"") | AR15: =IF(Partenariato!V4<>0,Partenariato!V4,"")
B16: € | C16: % | D16: € * | E16: % | F16: € * | G16: % | H16: € * | I16: % | J16: € * | K16: % | L16: € * | M16: % | N16: € * | O16: % | P16: € * | Q16: % | R16: € * | S16: % | T16: € * | U16: % | V16: € * | W16: % | X16: € * | Y16: % | Z16: € * | AA16: % | AB16: € * | AC16: % | AD16: € * | AE16: % | AF16: € * | AG16: % | AH16: € * | AI16: % | AJ16: € * | AK16: % | AL16: € * | AM16: % | AN16: € * | AO16: % | AP16: € * | AQ16: % | AR16: € * | AS16: %
A17: 1. Costi amministrativi e legati alla costituzione e modifica del GO | B17: =D17+F17+H17+J17+L17+N17+P17+R17+T17+V17+X17+Z17+AB17+AD17+AF17+AH17+AJ17+AL17+AN17+AP17+AR17 -> 0 | C17: =IFERROR(B17/B$28,0) -> 0 | D17: =SUM('Attività e Costi'!G8:G47) -> 0 | E17: =IFERROR(D17/D$28,0) -> 0 | F17: =SUM('Attività e Costi'!Y8:Y47) -> 0 | G17: =IFERROR(F17/F$28,0) -> 0 | H17: =SUM('Attività e Costi'!AQ8:AQ47) -> 0 | I17: =IFERROR(H17/H$28,0) -> 0 | J17: =SUM('Attività e Costi'!BI8:BI47) -> 0 | K17: =IFERROR(J17/J$28,0) -> 0 | L17: =SUM('Attività e Costi'!CA8:CA47) -> 0 | M17: =IFERROR(L17/L$28,0) -> 0 | N17: =SUM('Attività e Costi'!CS8:CS47) -> 0 | O17: =IFERROR(N17/N$28,0) -> 0 | P17: =SUM('Attività e Costi'!DK8:DK47) -> 0 | Q17: =IFERROR(P17/P$28,0) -> 0 | R17: =SUM('Attività e Costi'!EC8:EC47) -> 0 | S17: =IFERROR(R17/R$28,0) -> 0 | T17: =SUM('Attività e Costi'!EU8:EU47) -> 0 | U17: =IFERROR(T17/T$28,0) -> 0 | V17: =SUM('Attività e Costi'!FM8:FM47) -> 0 | W17: =IFERROR(V17/V$28,0) -> 0 | X17: =SUM('Attività e Costi'!GE8:GE47) -> 0 | Y17: =IFERROR(X17/X$28,0) -> 0 | Z17: =SUM('Attività e Costi'!GW8:GW47) -> 0 | AA17: =IFERROR(Z17/Z$28,0) -> 0 | AB17: =SUM('Attività e Costi'!HO8:HO47) -> 0 | AC17: =IFERROR(AB17/AB$28,0) -> 0 | AD17: =SUM('Attività e Costi'!IG8:IG47) -> 0 | AE17: =IFERROR(AD17/AD$28,0) -> 0 | AF17: =SUM('Attività e Costi'!IY8:IY47) -> 0 | AG17: =IFERROR(AF17/AF$28,0) -> 0 | AH17: =SUM('Attività e Costi'!JQ8:JQ47) -> 0 | AI17: =IFERROR(AH17/AH$28,0) -> 0 | AJ17: =SUM('Attività e Costi'!KI8:KI47) -> 0 | AK17: =IFERROR(AJ17/AJ$28,0) -> 0 | AL17: =SUM('Attività e Costi'!LA8:LA47) -> 0 | AM17: =IFERROR(AL17/AL$28,0) -> 0 | AN17: =SUM('Attività e Costi'!LS8:LS47) -> 0 | AO17: =IFERROR(AN17/AN$28,0) -> 0 | AP17: =SUM('Attività e Costi'!MK8:MK47) -> 0 | AQ17: =IFERROR(AP17/AP$28,0) -> 0 | AR17: =SUM('Attività e Costi'!NC8:NC47) -> 0 | AS17: =IFERROR(AR17/AR$28,0) -> 0
A18: 2. Spese del personale | B18: =D18+F18+H18+J18+L18+N18+P18+R18+T18+V18+X18+Z18+AB18+AD18+AF18+AH18+AJ18+AL18+AN18+AP18+AR18 -> 0 | C18: =IFERROR(B18/B$28,0) -> 0 | D18: =SUM('Attività e Costi'!H8:H47) -> 0 | E18: =IFERROR(D18/D$28,0) -> 0 | F18: =SUM('Attività e Costi'!Z8:Z47) -> 0 | G18: =IFERROR(F18/F$28,0) -> 0 | H18: =SUM('Attività e Costi'!AR8:AR47) -> 0 | I18: =IFERROR(H18/H$28,0) -> 0 | J18: =SUM('Attività e Costi'!BJ8:BJ47) -> 0 | K18: =IFERROR(J18/J$28,0) -> 0 | L18: =SUM('Attività e Costi'!CB8:CB47) -> 0 | M18: =IFERROR(L18/L$28,0) -> 0 | N18: =SUM('Attività e Costi'!CT8:CT47) -> 0 | O18: =IFERROR(N18/N$28,0) -> 0 | P18: =SUM('Attività e Costi'!DL8:DL47) -> 0 | Q18: =IFERROR(P18/P$28,0) -> 0 | R18: =SUM('Attività e Costi'!ED8:ED47) -> 0 | S18: =IFERROR(R18/R$28,0) -> 0 | T18: =SUM('Attività e Costi'!EV8:EV47) -> 0 | U18: =IFERROR(T18/T$28,0) -> 0 | V18: =SUM('Attività e Costi'!FN8:FN47) -> 0 | W18: =IFERROR(V18/V$28,0) -> 0 | X18: =SUM('Attività e Costi'!GF8:GF47) -> 0 | Y18: =IFERROR(X18/X$28,0) -> 0 | Z18: =SUM('Attività e Costi'!GX8:GX47) -> 0 | AA18: =IFERROR(Z18/Z$28,0) -> 0 | AB18: =SUM('Attività e Costi'!HP8:HP47) -> 0 | AC18: =IFERROR(AB18/AB$28,0) -> 0 | AD18: =SUM('Attività e Costi'!IH8:IH47) -> 0 | AE18: =IFERROR(AD18/AD$28,0) -> 0 | AF18: =SUM('Attività e Costi'!IZ8:IZ47) -> 0 | AG18: =IFERROR(AF18/AF$28,0) -> 0 | AH18: =SUM('Attività e Costi'!JR8:JR47) -> 0 | AI18: =IFERROR(AH18/AH$28,0) -> 0 | AJ18: =SUM('Attività e Costi'!KJ8:KJ47) -> 0 | AK18: =IFERROR(AJ18/AJ$28,0) -> 0 | AL18: =SUM('Attività e Costi'!LB8:LB47) -> 0 | AM18: =IFERROR(AL18/AL$28,0) -> 0 | AN18: =SUM('Attività e Costi'!LT8:LT47) -> 0 | AO18: =IFERROR(AN18/AN$28,0) -> 0 | AP18: =SUM('Attività e Costi'!ML8:ML47) -> 0 | AQ18: =IFERROR(AP18/AP$28,0) -> 0 | AR18: =SUM('Attività e Costi'!ND8:ND47) -> 0 | AS18: =IFERROR(AR18/AR$28,0) -> 0
A19: 3. Corrispettivo economico per l'imprenditore agricolo e forestale | B19: =D19+F19+H19+J19+L19+N19+P19+R19+T19+V19+X19+Z19+AB19+AD19+AF19+AH19+AJ19+AL19+AN19+AP19+AR19 -> 0 | C19: =IFERROR(B19/B$28,0) -> 0 | D19: =SUM('Attività e Costi'!I8:I47) -> 0 | E19: =IFERROR(D19/D$28,0) -> 0 | F19: =SUM('Attività e Costi'!AA8:AA47) -> 0 | G19: =IFERROR(F19/F$28,0) -> 0 | H19: =SUM('Attività e Costi'!AS8:AS47) -> 0 | I19: =IFERROR(H19/H$28,0) -> 0 | J19: =SUM('Attività e Costi'!BK8:BK47) -> 0 | K19: =IFERROR(J19/J$28,0) -> 0 | L19: =SUM('Attività e Costi'!CC8:CC47) -> 0 | M19: =IFERROR(L19/L$28,0) -> 0 | N19: =SUM('Attività e Costi'!CU8:CU47) -> 0 | O19: =IFERROR(N19/N$28,0) -> 0 | P19: =SUM('Attività e Costi'!DM8:DM47) -> 0 | Q19: =IFERROR(P19/P$28,0) -> 0 | R19: =SUM('Attività e Costi'!EE8:EE47) -> 0 | S19: =IFERROR(R19/R$28,0) -> 0 | T19: =SUM('Attività e Costi'!EW8:EW47) -> 0 | U19: =IFERROR(T19/T$28,0) -> 0 | V19: =SUM('Attività e Costi'!FO8:FO47) -> 0 | W19: =IFERROR(V19/V$28,0) -> 0 | X19: =SUM('Attività e Costi'!GG8:GG47) -> 0 | Y19: =IFERROR(X19/X$28,0) -> 0 | Z19: =SUM('Attività e Costi'!GY8:GY47) -> 0 | AA19: =IFERROR(Z19/Z$28,0) -> 0 | AB19: =SUM('Attività e Costi'!HQ8:HQ47) -> 0 | AC19: =IFERROR(AB19/AB$28,0) -> 0 | AD19: =SUM('Attività e Costi'!II8:II47) -> 0 | AE19: =IFERROR(AD19/AD$28,0) -> 0 | AF19: =SUM('Attività e Costi'!JA8:JA47) -> 0 | AG19: =IFERROR(AF19/AF$28,0) -> 0 | AH19: =SUM('Attività e Costi'!JS8:JS47) -> 0 | AI19: =IFERROR(AH19/AH$28,0) -> 0 | AJ19: =SUM('Attività e Costi'!KK8:KK47) -> 0 | AK19: =IFERROR(AJ19/AJ$28,0) -> 0 | AL19: =SUM('Attività e Costi'!LC8:LC47) -> 0 | AM19: =IFERROR(AL19/AL$28,0) -> 0 | AN19: =SUM('Attività e Costi'!LU8:LU47) -> 0 | AO19: =IFERROR(AN19/AN$28,0) -> 0 | AP19: =SUM('Attività e Costi'!MM8:MM47) -> 0 | AQ19: =IFERROR(AP19/AP$28,0) -> 0 | AR19: =SUM('Attività e Costi'!NE8:NE47) -> 0 | AS19: =IFERROR(AR19/AR$28,0) -> 0
A20: 4. Missioni e trasferte | B20: =D20+F20+H20+J20+L20+N20+P20+R20+T20+V20+X20+Z20+AB20+AD20+AF20+AH20+AJ20+AL20+AN20+AP20+AR20 -> 0 | C20: =IFERROR(B20/B$28,0) -> 0 | D20: =SUM('Attività e Costi'!J8:J47) -> 0 | E20: =IFERROR(D20/D$28,0) -> 0 | F20: =SUM('Attività e Costi'!AB8:AB47) -> 0 | G20: =IFERROR(F20/F$28,0) -> 0 | H20: =SUM('Attività e Costi'!AT8:AT47) -> 0 | I20: =IFERROR(H20/H$28,0) -> 0 | J20: =SUM('Attività e Costi'!BL8:BL47) -> 0 | K20: =IFERROR(J20/J$28,0) -> 0 | L20: =SUM('Attività e Costi'!CD8:CD47) -> 0 | M20: =IFERROR(L20/L$28,0) -> 0 | N20: =SUM('Attività e Costi'!CV8:CV47) -> 0 | O20: =IFERROR(N20/N$28,0) -> 0 | P20: =SUM('Attività e Costi'!DN8:DN47) -> 0 | Q20: =IFERROR(P20/P$28,0) -> 0 | R20: =SUM('Attività e Costi'!EF8:EF47) -> 0 | S20: =IFERROR(R20/R$28,0) -> 0 | T20: =SUM('Attività e Costi'!EX8:EX47) -> 0 | U20: =IFERROR(T20/T$28,0) -> 0 | V20: =SUM('Attività e Costi'!FP8:FP47) -> 0 | W20: =IFERROR(V20/V$28,0) -> 0 | X20: =SUM('Attività e Costi'!GH8:GH47) -> 0 | Y20: =IFERROR(X20/X$28,0) -> 0 | Z20: =SUM('Attività e Costi'!GZ8:GZ47) -> 0 | AA20: =IFERROR(Z20/Z$28,0) -> 0 | AB20: =SUM('Attività e Costi'!HR8:HR47) -> 0 | AC20: =IFERROR(AB20/AB$28,0) -> 0 | AD20: =SUM('Attività e Costi'!IJ8:IJ47) -> 0 | AE20: =IFERROR(AD20/AD$28,0) -> 0 | AF20: =SUM('Attività e Costi'!JB8:JB47) -> 0 | AG20: =IFERROR(AF20/AF$28,0) -> 0 | AH20: =SUM('Attività e Costi'!JT8:JT47) -> 0 | AI20: =IFERROR(AH20/AH$28,0) -> 0 | AJ20: =SUM('Attività e Costi'!KL8:KL47) -> 0 | AK20: =IFERROR(AJ20/AJ$28,0) -> 0 | AL20: =SUM('Attività e Costi'!LD8:LD47) -> 0 | AM20: =IFERROR(AL20/AL$28,0) -> 0 | AN20: =SUM('Attività e Costi'!LV8:LV47) -> 0 | AO20: =IFERROR(AN20/AN$28,0) -> 0 | AP20: =SUM('Attività e Costi'!MN8:MN47) -> 0 | AQ20: =IFERROR(AP20/AP$28,0) -> 0 | AR20: =SUM('Attività e Costi'!NF8:NF47) -> 0 | AS20: =IFERROR(AR20/AR$28,0) -> 0
A21: 5 .Consulenze esterne e altri servizi | B21: =D21+F21+H21+J21+L21+N21+P21+R21+T21+V21+X21+Z21+AB21+AD21+AF21+AH21+AJ21+AL21+AN21+AP21+AR21 -> 0 | C21: =IFERROR(B21/B$28,0) -> 0 | D21: =SUM('Attività e Costi'!K8:K47) -> 0 | E21: =IFERROR(D21/D$28,0) -> 0 | F21: =SUM('Attività e Costi'!AC8:AC47) -> 0 | G21: =IFERROR(F21/F$28,0) -> 0 | H21: =SUM('Attività e Costi'!AU8:AU47) -> 0 | I21: =IFERROR(H21/H$28,0) -> 0 | J21: =SUM('Attività e Costi'!BM8:BM47) -> 0 | K21: =IFERROR(J21/J$28,0) -> 0 | L21: =SUM('Attività e Costi'!CE8:CE47) -> 0 | M21: =IFERROR(L21/L$28,0) -> 0 | N21: =SUM('Attività e Costi'!CW8:CW47) -> 0 | O21: =IFERROR(N21/N$28,0) -> 0 | P21: =SUM('Attività e Costi'!DO8:DO47) -> 0 | Q21: =IFERROR(P21/P$28,0) -> 0 | R21: =SUM('Attività e Costi'!EG8:EG47) -> 0 | S21: =IFERROR(R21/R$28,0) -> 0 | T21: =SUM('Attività e Costi'!EY8:EY47) -> 0 | U21: =IFERROR(T21/T$28,0) -> 0 | V21: =SUM('Attività e Costi'!FQ8:FQ47) -> 0 | W21: =IFERROR(V21/V$28,0) -> 0 | X21: =SUM('Attività e Costi'!GI8:GI47) -> 0 | Y21: =IFERROR(X21/X$28,0) -> 0 | Z21: =SUM('Attività e Costi'!HA8:HA47) -> 0 | AA21: =IFERROR(Z21/Z$28,0) -> 0 | AB21: =SUM('Attività e Costi'!HS8:HS47) -> 0 | AC21: =IFERROR(AB21/AB$28,0) -> 0 | AD21: =SUM('Attività e Costi'!IK8:IK47) -> 0 | AE21: =IFERROR(AD21/AD$28,0) -> 0 | AF21: =SUM('Attività e Costi'!JC8:JC47) -> 0 | AG21: =IFERROR(AF21/AF$28,0) -> 0 | AH21: =SUM('Attività e Costi'!JU8:JU47) -> 0 | AI21: =IFERROR(AH21/AH$28,0) -> 0 | AJ21: =SUM('Attività e Costi'!KM8:KM47) -> 0 | AK21: =IFERROR(AJ21/AJ$28,0) -> 0 | AL21: =SUM('Attività e Costi'!LE8:LE47) -> 0 | AM21: =IFERROR(AL21/AL$28,0) -> 0 | AN21: =SUM('Attività e Costi'!LW8:LW47) -> 0 | AO21: =IFERROR(AN21/AN$28,0) -> 0 | AP21: =SUM('Attività e Costi'!MO8:MO47) -> 0 | AQ21: =IFERROR(AP21/AP$28,0) -> 0 | AR21: =SUM('Attività e Costi'!NG8:NG47) -> 0 | AS21: =IFERROR(AR21/AR$28,0) -> 0
A22: 6. Costi di coordinamento e gestione del progetto | B22: =D22+F22+H22+J22+L22+N22+P22+R22+T22+V22+X22+Z22+AB22+AD22+AF22+AH22+AJ22+AL22+AN22+AP22+AR22 -> 0 | C22: =IFERROR(B22/B$28,0) -> 0 | D22: =SUM('Attività e Costi'!L8:L47) -> 0 | E22: =IFERROR(D22/D$28,0) -> 0 | F22: =SUM('Attività e Costi'!AD8:AD47) -> 0 | G22: =IFERROR(F22/F$28,0) -> 0 | H22: =SUM('Attività e Costi'!AV8:AV47) -> 0 | I22: =IFERROR(H22/H$28,0) -> 0 | J22: =SUM('Attività e Costi'!BN8:BN47) -> 0 | K22: =IFERROR(J22/J$28,0) -> 0 | L22: =SUM('Attività e Costi'!CF8:CF47) -> 0 | M22: =IFERROR(L22/L$28,0) -> 0 | N22: =SUM('Attività e Costi'!CX8:CX47) -> 0 | O22: =IFERROR(N22/N$28,0) -> 0 | P22: =SUM('Attività e Costi'!DP8:DP47) -> 0 | Q22: =IFERROR(P22/P$28,0) -> 0 | R22: =SUM('Attività e Costi'!EH8:EH47) -> 0 | S22: =IFERROR(R22/R$28,0) -> 0 | T22: =SUM('Attività e Costi'!EZ8:EZ47) -> 0 | U22: =IFERROR(T22/T$28,0) -> 0 | V22: =SUM('Attività e Costi'!FR8:FR47) -> 0 | W22: =IFERROR(V22/V$28,0) -> 0 | X22: =SUM('Attività e Costi'!GJ8:GJ47) -> 0 | Y22: =IFERROR(X22/X$28,0) -> 0 | Z22: =SUM('Attività e Costi'!HB8:HB47) -> 0 | AA22: =IFERROR(Z22/Z$28,0) -> 0 | AB22: =SUM('Attività e Costi'!HT8:HT47) -> 0 | AC22: =IFERROR(AB22/AB$28,0) -> 0 | AD22: =SUM('Attività e Costi'!IL8:IL47) -> 0 | AE22: =IFERROR(AD22/AD$28,0) -> 0 | AF22: =SUM('Attività e Costi'!JD8:JD47) -> 0 | AG22: =IFERROR(AF22/AF$28,0) -> 0 | AH22: =SUM('Attività e Costi'!JV8:JV47) -> 0 | AI22: =IFERROR(AH22/AH$28,0) -> 0 | AJ22: =SUM('Attività e Costi'!KN8:KN47) -> 0 | AK22: =IFERROR(AJ22/AJ$28,0) -> 0 | AL22: =SUM('Attività e Costi'!LF8:LF47) -> 0 | AM22: =IFERROR(AL22/AL$28,0) -> 0 | AN22: =SUM('Attività e Costi'!LX8:LX47) -> 0 | AO22: =IFERROR(AN22/AN$28,0) -> 0 | AP22: =SUM('Attività e Costi'!MP8:MP47) -> 0 | AQ22: =IFERROR(AP22/AP$28,0) -> 0 | AR22: =SUM('Attività e Costi'!NH8:NH47) -> 0 | AS22: =IFERROR(AR22/AR$28,0) -> 0
A23: 7. Costi indiretti | B23: =D23+F23+H23+J23+L23+N23+P23+R23+T23+V23+X23+Z23+AB23+AD23+AF23+AH23+AJ23+AL23+AN23+AP23+AR23 -> 0 | C23: =IFERROR(B23/B$28,0) -> 0 | D23: =SUM('Attività e Costi'!M8:M47) -> 0 | E23: =IFERROR(D23/D$28,0) -> 0 | F23: =SUM('Attività e Costi'!AE8:AE47) -> 0 | G23: =IFERROR(F23/F$28,0) -> 0 | H23: =SUM('Attività e Costi'!AW8:AW47) -> 0 | I23: =IFERROR(H23/H$28,0) -> 0 | J23: =SUM('Attività e Costi'!BO8:BO47) -> 0 | K23: =IFERROR(J23/J$28,0) -> 0 | L23: =SUM('Attività e Costi'!CG8:CG47) -> 0 | M23: =IFERROR(L23/L$28,0) -> 0 | N23: =SUM('Attività e Costi'!CY8:CY47) -> 0 | O23: =IFERROR(N23/N$28,0) -> 0 | P23: =SUM('Attività e Costi'!DQ8:DQ47) -> 0 | Q23: =IFERROR(P23/P$28,0) -> 0 | R23: =SUM('Attività e Costi'!EI8:EI47) -> 0 | S23: =IFERROR(R23/R$28,0) -> 0 | T23: =SUM('Attività e Costi'!FA8:FA47) -> 0 | U23: =IFERROR(T23/T$28,0) -> 0 | V23: =SUM('Attività e Costi'!FS8:FS47) -> 0 | W23: =IFERROR(V23/V$28,0) -> 0 | X23: =SUM('Attività e Costi'!GK8:GK47) -> 0 | Y23: =IFERROR(X23/X$28,0) -> 0 | Z23: =SUM('Attività e Costi'!HC8:HC47) -> 0 | AA23: =IFERROR(Z23/Z$28,0) -> 0 | AB23: =SUM('Attività e Costi'!HU8:HU47) -> 0 | AC23: =IFERROR(AB23/AB$28,0) -> 0 | AD23: =SUM('Attività e Costi'!IM8:IM47) -> 0 | AE23: =IFERROR(AD23/AD$28,0) -> 0 | AF23: =SUM('Attività e Costi'!JE8:JE47) -> 0 | AG23: =IFERROR(AF23/AF$28,0) -> 0 | AH23: =SUM('Attività e Costi'!JW8:JW47) -> 0 | AI23: =IFERROR(AH23/AH$28,0) -> 0 | AJ23: =SUM('Attività e Costi'!KO8:KO47) -> 0 | AK23: =IFERROR(AJ23/AJ$28,0) -> 0 | AL23: =SUM('Attività e Costi'!LG8:LG47) -> 0 | AM23: =IFERROR(AL23/AL$28,0) -> 0 | AN23: =SUM('Attività e Costi'!LY8:LY47) -> 0 | AO23: =IFERROR(AN23/AN$28,0) -> 0 | AP23: =SUM('Attività e Costi'!MQ8:MQ47) -> 0 | AQ23: =IFERROR(AP23/AP$28,0) -> 0 | AR23: =SUM('Attività e Costi'!NI8:NI47) -> 0 | AS23: =IFERROR(AR23/AR$28,0) -> 0
A24: 8. Quote di ammortamento del materiale durevole | B24: =D24+F24+H24+J24+L24+N24+P24+R24+T24+V24+X24+Z24+AB24+AD24+AF24+AH24+AJ24+AL24+AN24+AP24+AR24 -> 0 | C24: =IFERROR(B24/B$28,0) -> 0 | D24: =SUM('Attività e Costi'!N8:N47) -> 0 | E24: =IFERROR(D24/D$28,0) -> 0 | F24: =SUM('Attività e Costi'!AF8:AF47) -> 0 | G24: =IFERROR(F24/F$28,0) -> 0 | H24: =SUM('Attività e Costi'!AX8:AX47) -> 0 | I24: =IFERROR(H24/H$28,0) -> 0 | J24: =SUM('Attività e Costi'!BP8:BP47) -> 0 | K24: =IFERROR(J24/J$28,0) -> 0 | L24: =SUM('Attività e Costi'!CH8:CH47) -> 0 | M24: =IFERROR(L24/L$28,0) -> 0 | N24: =SUM('Attività e Costi'!CZ8:CZ47) -> 0 | O24: =IFERROR(N24/N$28,0) -> 0 | P24: =SUM('Attività e Costi'!DR8:DR47) -> 0 | Q24: =IFERROR(P24/P$28,0) -> 0 | R24: =SUM('Attività e Costi'!EJ8:EJ47) -> 0 | S24: =IFERROR(R24/R$28,0) -> 0 | T24: =SUM('Attività e Costi'!FB8:FB47) -> 0 | U24: =IFERROR(T24/T$28,0) -> 0 | V24: =SUM('Attività e Costi'!FT8:FT47) -> 0 | W24: =IFERROR(V24/V$28,0) -> 0 | X24: =SUM('Attività e Costi'!GL8:GL47) -> 0 | Y24: =IFERROR(X24/X$28,0) -> 0 | Z24: =SUM('Attività e Costi'!HD8:HD47) -> 0 | AA24: =IFERROR(Z24/Z$28,0) -> 0 | AB24: =SUM('Attività e Costi'!HV8:HV47) -> 0 | AC24: =IFERROR(AB24/AB$28,0) -> 0 | AD24: =SUM('Attività e Costi'!IN8:IN47) -> 0 | AE24: =IFERROR(AD24/AD$28,0) -> 0 | AF24: =SUM('Attività e Costi'!JF8:JF47) -> 0 | AG24: =IFERROR(AF24/AF$28,0) -> 0 | AH24: =SUM('Attività e Costi'!JX8:JX47) -> 0 | AI24: =IFERROR(AH24/AH$28,0) -> 0 | AJ24: =SUM('Attività e Costi'!KP8:KP47) -> 0 | AK24: =IFERROR(AJ24/AJ$28,0) -> 0 | AL24: =SUM('Attività e Costi'!LH8:LH47) -> 0 | AM24: =IFERROR(AL24/AL$28,0) -> 0 | AN24: =SUM('Attività e Costi'!LZ8:LZ47) -> 0 | AO24: =IFERROR(AN24/AN$28,0) -> 0 | AP24: =SUM('Attività e Costi'!MR8:MR47) -> 0 | AQ24: =IFERROR(AP24/AP$28,0) -> 0 | AR24: =SUM('Attività e Costi'!NJ8:NJ47) -> 0 | AS24: =IFERROR(AR24/AR$28,0) -> 0
A25: 9. Prototipi/Impianti pilota | B25: =D25+F25+H25+J25+L25+N25+P25+R25+T25+V25+X25+Z25+AB25+AD25+AF25+AH25+AJ25+AL25+AN25+AP25+AR25 -> 0 | C25: =IFERROR(B25/B$28,0) -> 0 | D25: =SUM('Attività e Costi'!O8:O47) -> 0 | E25: =IFERROR(D25/D$28,0) -> 0 | F25: =SUM('Attività e Costi'!AG8:AG47) -> 0 | G25: =IFERROR(F25/F$28,0) -> 0 | H25: =SUM('Attività e Costi'!AY8:AY47) -> 0 | I25: =IFERROR(H25/H$28,0) -> 0 | J25: =SUM('Attività e Costi'!BQ8:BQ47) -> 0 | K25: =IFERROR(J25/J$28,0) -> 0 | L25: =SUM('Attività e Costi'!CI8:CI47) -> 0 | M25: =IFERROR(L25/L$28,0) -> 0 | N25: =SUM('Attività e Costi'!DA8:DA47) -> 0 | O25: =IFERROR(N25/N$28,0) -> 0 | P25: =SUM('Attività e Costi'!DS8:DS47) -> 0 | Q25: =IFERROR(P25/P$28,0) -> 0 | R25: =SUM('Attività e Costi'!EK8:EK47) -> 0 | S25: =IFERROR(R25/R$28,0) -> 0 | T25: =SUM('Attività e Costi'!FC8:FC47) -> 0 | U25: =IFERROR(T25/T$28,0) -> 0 | V25: =SUM('Attività e Costi'!FU8:FU47) -> 0 | W25: =IFERROR(V25/V$28,0) -> 0 | X25: =SUM('Attività e Costi'!GM8:GM47) -> 0 | Y25: =IFERROR(X25/X$28,0) -> 0 | Z25: =SUM('Attività e Costi'!HE8:HE47) -> 0 | AA25: =IFERROR(Z25/Z$28,0) -> 0 | AB25: =SUM('Attività e Costi'!HW8:HW47) -> 0 | AC25: =IFERROR(AB25/AB$28,0) -> 0 | AD25: =SUM('Attività e Costi'!IO8:IO47) -> 0 | AE25: =IFERROR(AD25/AD$28,0) -> 0 | AF25: =SUM('Attività e Costi'!JG8:JG47) -> 0 | AG25: =IFERROR(AF25/AF$28,0) -> 0 | AH25: =SUM('Attività e Costi'!JY8:JY47) -> 0 | AI25: =IFERROR(AH25/AH$28,0) -> 0 | AJ25: =SUM('Attività e Costi'!KQ8:KQ47) -> 0 | AK25: =IFERROR(AJ25/AJ$28,0) -> 0 | AL25: =SUM('Attività e Costi'!LI8:LI47) -> 0 | AM25: =IFERROR(AL25/AL$28,0) -> 0 | AN25: =SUM('Attività e Costi'!MA8:MA47) -> 0 | AO25: =IFERROR(AN25/AN$28,0) -> 0 | AP25: =SUM('Attività e Costi'!MS8:MS47) -> 0 | AQ25: =IFERROR(AP25/AP$28,0) -> 0 | AR25: =SUM('Attività e Costi'!NK8:NK47) -> 0 | AS25: =IFERROR(AR25/AR$28,0) -> 0
A26: 10a. Costi relativi ad investimenti produttivi - SETTORE AGRICOLO | B26: =D26+F26+H26+J26+L26+N26+P26+R26+T26+V26+X26+Z26+AB26+AD26+AF26+AH26+AJ26+AL26+AN26+AP26+AR26 -> 0 | C26: =IFERROR(B26/B$28,0) -> 0 | D26: =SUM('Attività e Costi'!P8:S47)*0.6 -> 0 | E26: =IFERROR(D26/D$28,0) -> 0 | F26: =SUM('Attività e Costi'!AH8:AK47)*0.6 -> 0 | G26: =IFERROR(F26/F$28,0) -> 0 | H26: =SUM('Attività e Costi'!AZ8:BC47)*0.6 -> 0 | I26: =IFERROR(H26/H$28,0) -> 0 | J26: =SUM('Attività e Costi'!BR8:BU47)*0.6 -> 0 | K26: =IFERROR(J26/J$28,0) -> 0 | L26: =SUM('Attività e Costi'!CJ8:CM47)*0.6 -> 0 | M26: =IFERROR(L26/L$28,0) -> 0 | N26: =SUM('Attività e Costi'!DB8:DE47)*0.6 -> 0 | O26: =IFERROR(N26/N$28,0) -> 0 | P26: =SUM('Attività e Costi'!DT8:DW47)*0.6 -> 0 | Q26: =IFERROR(P26/P$28,0) -> 0 | R26: =SUM('Attività e Costi'!EL8:EO47)*0.6 -> 0 | S26: =IFERROR(R26/R$28,0) -> 0 | T26: =SUM('Attività e Costi'!FD8:FG47)*0.6 -> 0 | U26: =IFERROR(T26/T$28,0) -> 0 | V26: =SUM('Attività e Costi'!FV8:FY47)*0.6 -> 0 | W26: =IFERROR(V26/V$28,0) -> 0 | X26: =SUM('Attività e Costi'!GN8:GQ47)*0.6 -> 0 | Y26: =IFERROR(X26/X$28,0) -> 0 | Z26: =SUM('Attività e Costi'!HF8:HI47)*0.6 -> 0 | AA26: =IFERROR(Z26/Z$28,0) -> 0 | AB26: =SUM('Attività e Costi'!HX8:IA47)*0.6 -> 0 | AC26: =IFERROR(AB26/AB$28,0) -> 0 | AD26: =SUM('Attività e Costi'!IP8:IS47)*0.6 -> 0 | AE26: =IFERROR(AD26/AD$28,0) -> 0 | AF26: =SUM('Attività e Costi'!JH8:JK47)*0.6 -> 0 | AG26: =IFERROR(AF26/AF$28,0) -> 0 | AH26: =SUM('Attività e Costi'!JZ8:KC47)*0.6 -> 0 | AI26: =IFERROR(AH26/AH$28,0) -> 0 | AJ26: =SUM('Attività e Costi'!KR8:KU47)*0.6 -> 0 | AK26: =IFERROR(AJ26/AJ$28,0) -> 0 | AL26: =SUM('Attività e Costi'!LJ8:LM47)*0.6 -> 0 | AM26: =IFERROR(AL26/AL$28,0) -> 0 | AN26: =SUM('Attività e Costi'!MB8:ME47)*0.6 -> 0 | AO26: =IFERROR(AN26/AN$28,0) -> 0 | AP26: =SUM('Attività e Costi'!MT8:MW47)*0.6 -> 0 | AQ26: =IFERROR(AP26/AP$28,0) -> 0 | AR26: =SUM('Attività e Costi'!NL8:NO47)*0.6 -> 0 | AS26: =IFERROR(AR26/AR$28,0) -> 0
A27: 10b. Costi relativi ad investimenti produttivi - SETTORE FORESTALE | B27: =D27+F27+H27+J27+L27+N27+P27+R27+T27+V27+X27+Z27+AB27+AD27+AF27+AH27+AJ27+AL27+AN27+AP27+AR27 -> 0 | C27: =IFERROR(B27/B$28,0) -> 0 | D27: =SUM('Attività e Costi'!T8:W47)*0.65 -> 0 | E27: =IFERROR(D27/D$28,0) -> 0 | F27: =SUM('Attività e Costi'!AL8:AO47)*0.65 -> 0 | G27: =IFERROR(F27/F$28,0) -> 0 | H27: =SUM('Attività e Costi'!BD8:BG47)*0.65 -> 0 | I27: =IFERROR(H27/H$28,0) -> 0 | J27: =SUM('Attività e Costi'!BV8:BY47)*0.65 -> 0 | K27: =IFERROR(J27/J$28,0) -> 0 | L27: =SUM('Attività e Costi'!CN8:CQ47)*0.65 -> 0 | M27: =IFERROR(L27/L$28,0) -> 0 | N27: =SUM('Attività e Costi'!DF8:DI47)*0.65 -> 0 | O27: =IFERROR(N27/N$28,0) -> 0 | P27: =SUM('Attività e Costi'!DX8:EA47)*0.65 -> 0 | Q27: =IFERROR(P27/P$28,0) -> 0 | R27: =SUM('Attività e Costi'!EP8:ES47)*0.65 -> 0 | S27: =IFERROR(R27/R$28,0) -> 0 | T27: =SUM('Attività e Costi'!FH8:FK47)*0.65 -> 0 | U27: =IFERROR(T27/T$28,0) -> 0 | V27: =SUM('Attività e Costi'!FZ8:GC47)*0.65 -> 0 | W27: =IFERROR(V27/V$28,0) -> 0 | X27: =SUM('Attività e Costi'!GR8:GU47)*0.65 -> 0 | Y27: =IFERROR(X27/X$28,0) -> 0 | Z27: =SUM('Attività e Costi'!HJ8:HM47)*0.65 -> 0 | AA27: =IFERROR(Z27/Z$28,0) -> 0 | AB27: =SUM('Attività e Costi'!IB8:IE47)*0.65 -> 0 | AC27: =IFERROR(AB27/AB$28,0) -> 0 | AD27: =SUM('Attività e Costi'!IT8:IW47)*0.65 -> 0 | AE27: =IFERROR(AD27/AD$28,0) -> 0 | AF27: =SUM('Attività e Costi'!JL8:JO47)*0.65 -> 0 | AG27: =IFERROR(AF27/AF$28,0) -> 0 | AH27: =SUM('Attività e Costi'!KD8:KG47)*0.65 -> 0 | AI27: =IFERROR(AH27/AH$28,0) -> 0 | AJ27: =SUM('Attività e Costi'!KV8:KY47)*0.65 -> 0 | AK27: =IFERROR(AJ27/AJ$28,0) -> 0 | AL27: =SUM('Attività e Costi'!LN8:LQ47)*0.65 -> 0 | AM27: =IFERROR(AL27/AL$28,0) -> 0 | AN27: =SUM('Attività e Costi'!MF8:MI47)*0.65 -> 0 | AO27: =IFERROR(AN27/AN$28,0) -> 0 | AP27: =SUM('Attività e Costi'!MX8:NA47)*0.65 -> 0 | AQ27: =IFERROR(AP27/AP$28,0) -> 0 | AR27: =SUM('Attività e Costi'!NP8:NS47)*0.65 -> 0 | AS27: =IFERROR(AR27/AR$28,0) -> 0
A28: TOTALE CONTRIBUTO PUBBLICO | B28: =D28+F28+H28+J28+L28+N28+P28+R28+T28+V28+X28+Z28+AB28+AD28+AF28+AH28+AJ28+AL28+AN28+AP28+AR28 -> 0 | C28: =IFERROR(B28/B$28,0) -> 0 | D28: =SUM(D17:D27) -> 0 | E28: =IFERROR(D28/D$28,0) -> 0 | F28: =SUM(F17:F27) -> 0 | G28: =IFERROR(F28/F$28,0) -> 0 | H28: =SUM(H17:H27) -> 0 | I28: =IFERROR(H28/H$28,0) -> 0 | J28: =SUM(J17:J27) -> 0 | K28: =IFERROR(J28/J$28,0) -> 0 | L28: =SUM(L17:L27) -> 0 | M28: =IFERROR(L28/L$28,0) -> 0 | N28: =SUM(N17:N27) -> 0 | O28: =IFERROR(N28/N$28,0) -> 0 | P28: =SUM(P17:P27) -> 0 | Q28: =IFERROR(P28/P$28,0) -> 0 | R28: =SUM(R17:R27) -> 0 | S28: =IFERROR(R28/R$28,0) -> 0 | T28: =SUM(T17:T27) -> 0 | U28: =IFERROR(T28/T$28,0) -> 0 | V28: =SUM(V17:V27) -> 0 | W28: =IFERROR(V28/V$28,0) -> 0 | X28: =SUM(X17:X27) -> 0 | Y28: =IFERROR(X28/X$28,0) -> 0 | Z28: =SUM(Z17:Z27) -> 0 | AA28: =IFERROR(Z28/Z$28,0) -> 0 | AB28: =SUM(AB17:AB27) -> 0 | AC28: =IFERROR(AB28/AB$28,0) -> 0 | AD28: =SUM(AD17:AD27) -> 0 | AE28: =IFERROR(AD28/AD$28,0) -> 0 | AF28: =SUM(AF17:AF27) -> 0 | AG28: =IFERROR(AF28/AF$28,0) -> 0 | AH28: =SUM(AH17:AH27) -> 0 | AI28: =IFERROR(AH28/AH$28,0) -> 0 | AJ28: =SUM(AJ17:AJ27) -> 0 | AK28: =IFERROR(AJ28/AJ$28,0) -> 0 | AL28: =SUM(AL17:AL27) -> 0 | AM28: =IFERROR(AL28/AL$28,0) -> 0 | AN28: =SUM(AN17:AN27) -> 0 | AO28: =IFERROR(AN28/AN$28,0) -> 0 | AP28: =SUM(AP17:AP27) -> 0 | AQ28: =IFERROR(AP28/AP$28,0) -> 0 | AR28: =SUM(AR17:AR27) -> 0 | AS28: =IFERROR(AR28/AR$28,0) -> 0
A29: =IF(B28<>B6,"Controllo totali: Attenzione! Il totale non coincide con il contributo pubblico richiesto","Controllo totali: OK") -> Controllo totali: OK

Sheet Risposte
A1: -- Seleziona --
A2: Sì
A3: No

Sheet Status
A1: Status progetto
A2: -- Seleziona --
A3: ongoing
A4: completed

Sheet Regioni
A1: Programma Sviluppo Rurale | B1: NUTS3 | C1: Regioni | D1: Territorialità
A2: -- Seleziona -- | B2: -- Seleziona -- | C2: -- Seleziona -- | D2: -- Seleziona --
A3: 2014IT06RDNP001: Italy - Rural Development Programme (National) | B3: ITC11 - Torino | C3: Italia | D3: Regionale
A4: 2014IT06RDRN001: Italy - Rural Network Programme | B4: ITC12 - Vercelli | C4: Abruzzo | D4: Interregionale
A5: 2014IT06RDRP001: Italy - Rural Development Programme (Regional) - Abruzzo | B5: ITC13 - Biella | C5: Bolzano | D5: Nazionale
A6: 2014IT06RDRP002: Italy - Rural Development Programme (Regional) - Bolzano | B6: ITC14 - Verbano-Cusio-Ossola | C6: Emilia-Romagna
A7: 2014IT06RDRP003: Italy - Rural Development Programme (Regional) - Emilia Romagna | B7: ITC15 - Novara | C7: Friuli-Venezia Giulia
A8: 2014IT06RDRP004: Italy - Rural Development Programme (Regional) - Friuli-Venezia Giulia | B8: ITC16 - Cuneo | C8: Lazio
A9: 2014IT06RDRP005: Italy - Rural Development Programme (Regional) - Lazio | B9: ITC17 - Asti | C9: Liguria
A10: 2014IT06RDRP006: Italy - Rural Development Programme (Regional) - Liguria | B10: ITC18 - Alessandria | C10: Lombardia
A11: 2014IT06RDRP007: Italy - Rural Development Programme (Regional) - Lombardia | B11: ITC20 - Aosta | C11: Marche
A12: 2014IT06RDRP008: Italy - Rural Development Programme (Regional) - Marche | B12: ITC31 - Imperia | C12: Piemonte
A13: 2014IT06RDRP009: Italy - Rural Development Programme (Regional) - Piemonte | B13: ITC32 - Savona | C13: Toscana
A14: 2014IT06RDRP010: Italy - Rural Development Programme (Regional) - Toscana | B14: ITC33 - Genova | C14: Trento
A15: 2014IT06RDRP011: Italy - Rural Development Programme (Regional) - Trento | B15: ITC34 - La Spezia | C15: Umbria
A16: 2014IT06RDRP012: Italy - Rural Development Programme (Regional) - Umbria | B16: ITC41 - Varese | C16: Valle d'Aosta
A17: 2014IT06RDRP013: Italy - Rural Development Programme (Regional) - Valle d'Aosta | B17: ITC42 - Como | C17: Veneto
... A24: 2014IT06RDRP020: Italy - Rural Development Programme (Regional) - Puglia | B24: ITC49 - Lodi | C24: Sicilia
A25: 2014IT06RDRP021: Italy - Rural Development Programme (Regional) - Sicilia | B25: ITC4A - Cremona
B26: ITC4B - Mantova
B27: ITD10 - South Tyrol
B28: ITD20 - Trento
B29: ITD31 - Verona
B30: ITD32 - Vicenza
B31: ITD33 - Belluno
B32: ITD34 - Treviso
B33: ITD35 - Venezia
B34: ITD36 - Padova
B35: ITD37 - Rovigo
B36: ITD41 - Pordenone
B37: ITD42 - Udine
... B109: ITG2C - Carbonia-Iglesias

Sheet Forma giuridica
A1: Forma giuridica
A2: -- Seleziona --
A3: ATI
A4: ATS
A5: Contratto di Rete
A6: Consorzio
A7: Altra forma giuridica

Sheet FA
A1: Priorità FEASR | B1: FOCUS AREA
A2: -- Seleziona -- | B2: -- Seleziona --
A3: P1 | B3: 1a) Stimolare l'innovazione e la base di conoscenze nelle zone rurali
B4: 1b) Rinsaldare i nessi tra agricoltura e silvicoltura, da un lato e ricerca e innovazione dall'altro
B5: 1c) Incoraggiare l'apprendimento lungo tutto l'arco della vita e la formazione professionale
A6: P2 | B6: 2a) Incoraggiare la ristrutturazione delle aziende agricole con problemi strutturali considerevoli
B7: 2b) Favorire il ricambio generazionale nel settore agricolo
A8: P3 | B8: 3a) Migliore integrazione dei produttori primari nella filiera agroalimentare attraverso i regimi di qualità, mercati locali e filiere corte
B9: 3b) Sostegno alla ìgestione dei rischi aziendali
A10: P4 | B10: 4a) Salvaguardia, ripristino della biodiversità, tra l'altro nelle zone Natura 2000
B11: 4b) Migliore gestione delle risorse idriche
B12: 4c) Migliore gestione del suolo
A13: P5 | B13: 5a) Rendere più efficiente l'uso dell'acqua nell'agricoltura
B14: 5b) Rendere più efficiente l'uso dell'energia nell'agricoltura e nell'industria alimentare
B15: 5c) Favorire l'approvvigionamento e l'utilizzo di fonti di energia rinnovabili, sottoprodotti, materiali di scarto e residui e altre materie grezze non alimentari ai fini della bioeconomia
B16: 5d) Ridurre le emissioni di metano e di protossido di azoto a carico dell'agricoltura
B17: 5e) Promuovere la conservazione e il sequestro del carbonio nel settore agricolo e forestale
A18: P6 | B18: 6a) Favorire la diversificazione, la creazione e lo sviluppo di piccole imprese nonché dell'occupazione
B19: 6b) Stimolare lo sviluppo locale nelle zone rurali
B20: 6c) Promuovere l'accessibilità, l'uso e la qualità delle tecnologie dell'informazione e della comunicazione (TIC) nelle zone rurali

Sheet Settore_Comparto
A1: Settori prodotti agricoli
A2: -- Seleziona --
A3: Cereali
A4: Riso
A5: Zucchero
A6: Foraggi essiccati
A7: Sementi
A8: Luppolo
A9: Olio di oliva e olive da tavola
A10: Lino e canapa
A11: Prodotti ortofrutticoli
A12: Prodotti ortofrutticoli trasformati
... A27: Altro

Sheet Keywords
A1: Lista Keyword - Italiano | B1: Lista Keyword - Inglese
A2: -Seleziona-- | B2: None
A3: Sistema di produzione agricola | B3: Agricultural production system
A4: Pratiche agricole | B4: Farming practice
A5: Attrezzature e macchinari agricoli | B5: Farming equipment and machinery
A6: Allevamento e benessere degli animali | B6: Animal husbandry and welfare
A7: Produzione di piante e orticoltura | B7: Plant production and horticulture
A8: Paesaggio / gestione del territorio | B8: Landscape /land management
A9: Parassiti / controllo delle malattia | B9: Pest /disease control
A10: Fertilizzazione e gestione delle sostanze nutritive | B10: Fertilisation and nutrients management
A11: Gestione del suolo / funzionalità | B11: Soil management / functionality
A12: Risorse genetiche | B12: Genetic resources
... A21: Competitività e diversificazione dell'attività agricola/forestale | B21: Farming/forestry competitiveness and diversification

Sheet Fonte finanziamento
A1: Fonte finanziamento | B1: Altra fonte | C1: Modalità di sovvenzione PSR
A2: -- Seleziona -- | B2: -- Seleziona -- | C2: -- Seleziona --
A3: Rural development programme | B3: Horizon 2020 | C3: Sovvenzione globale
A4: H2020 | B4: Altro fondo europeo | C4: Pacchetto di misure
A5: other EU | B5: Altro fondo nazionale
A6: national/regional | B6: Fondo privato
A7: private funds

Sheet Tipo Partner
A1: Tipologia di Enti | C1: Tipologia di Enti RRN | E1: Elenco Partner | G1: Matrice trasposta | H1: Denominazione Partner
A2: -- Seleziona -- | C2: -- Seleziona -- | E2: Capofila | G2: --Seleziona-- | H2: =G2 -> --Seleziona--
A3: farm holder | C3: Imprese agricole e forestali | E3: P1 | G3: Tutti | H3: =IF(G3<>0,G3,"") -> Tutti
A4: advisor | C4: Altre imprese | E4: P2 | G4: {=TRANSPOSE(Partenariato!B4:V4)} | H4: =IF(AND(G4<>0,G4<>""),G4,E2) -> Capofila
A5: research institute | C5: Università degli Studi e Enti di ricerca | E5: P3 | G5: 0 | H5: =IF(AND(G5<>0,G5<>""),G5,E3) -> P1
A6: SME | C6: Soggetti eroganti servizi di consulenza | E6: P4 | G6: 0 | H6: =IF(AND(G6<>0,G6<>""),G6,E4) -> P2
A7: NGO | C7: Agenzie locali di sviluppo (es. GAL, Laore, ecc.) | E7: P5 | G7: 0 | H7: =IF(AND(G7<>0,G7<>""),G7,E5) -> P3
A8: other | C8: Organizzazioni professionali agricole | E8: P6 | G8: 0 | H8: =IF(AND(G8<>0,G8<>""),G8,E6) -> P4
C9: Ordini e Associazioni professionali | E9: P7 | G9: 0 | H9: =IF(AND(G9<>0,G9<>""),G9,E7) -> P5
C10: Organizzazioni sindacali | E10: P8 | G10: 0 | H10: =IF(AND(G10<>0,G10<>""),G10,E8) -> P6
C11: Consorzi di tutela e di valorizzazione | E11: P9 | G11: 0 | H11: =IF(AND(G11<>0,G11<>""),G11,E9) -> P7
C12: Organizzazioni dei produttori e degli allevatori | E12: P10 | G12: 0 | H12: =IF(AND(G12<>0,G12<>""),G12,E10) -> P8
C13: Parchi tecnologici | E13: P11 | G13: 0 | H13: =IF(AND(G13<>0,G13<>""),G13,E11) -> P9
C14: Enti di formazione professionale | E14: P12 | G14: 0 | H14: =IF(AND(G14<>0,G14<>""),G14,E12) -> P10
C15: Enti di certificazione (es. di agricoltura biologica) | E15: P13 | G15: 0 | H15: =IF(AND(G15<>0,G15<>""),G15,E13) -> P11
C16: Associazioni ambientaliste e dei consumatori | E16: P14 | G16: 0 | H16: =IF(AND(G16<>0,G16<>""),G16,E14) -> P12
C17: Altri soggetti privati | E17: P15 | G17: 0 | H17: =IF(AND(G17<>0,G17<>""),G17,E15) -> P13
C18: Enti locali territoriali | E18: P16 | G18: 0 | H18: =IF(AND(G18<>0,G18<>""),G18,E16) -> P14
C19: Agenzie e Enti funzionali (es. agenzia protezione ambiente) | E19: P17 | G19: 0 | H19: =IF(AND(G19<>0,G19<>""),G19,E17) -> P15
C20: Altri soggetti pubblici | E20: P18 | G20: 0 | H20: =IF(AND(G20<>0,G20<>""),G20,E18) -> P16
E21: P19 | G21: 0 | H21: =IF(AND(G21<>0,G21<>""),G21,E19) -> P17
E22: P20 | G22: 0 | H22: =IF(AND(G22<>0,G22<>""),G22,E20) -> P18
G23: 0 | H23: =IF(AND(G23<>0,G23<>""),G23,E21) -> P19
G24: 0 | H24: =IF(AND(G24<>0,G24<>""),G24,E22) -> P20

Sheet USDA_CRIS
A1: Classificazione per aree problema (Tipo USDA/CRIS) | B1: Aree Problema | C1: Classificazione per aree problema (Tipo USDA/CRIS) | D1: Gestione_risorse_naturali | E1: Protezione_da_malattie | F1: Offerta_a_costi_decrescenti | G1: Sviluppo_prodotti_processi | H1: Efficienza_mercati | I1: Salute_nutrizione | J1: Sviluppo_aree_rurali | K1: Conoscenza
A2: -- Seleziona -- | B2: -- Seleziona -- | C2: -- Seleziona -- | D2: -- Seleziona -- | E2: -- Seleziona -- | F2: -- Seleziona -- | G2: -- Seleziona -- | H2: -- Seleziona -- | I2: -- Seleziona -- | J2: -- Seleziona -- | K2: -- Seleziona --
A3: Obiettivo I – Gestione equilibrata delle risorse naturali da parte di agricoltura, forestazione, pesca e acquacoltura | B3: 101 Valutazione della risorsa suolo, dal punto di vista chimico, fisico, agronomico | C3: Gestione_risorse_naturali | D3: Valutazione della risorsa suolo, dal punto di vista chimico, fisico, agronomico | E3: Controllo degli insetti che attaccano le foreste | F3: Genetica e miglioramento genetico degli alberi e di altre piante forestali | G3: Nuovi e migliorati prodotti forestali | H3: Miglioramento delle classificazioni e degli standards di prodotti vegetali ed animali | I3: Garantire prodotti alimentari esenti da contaminanti tossici, compresi i residui delle tecnologie agricole | J3: Qualità della vita | K3: Organizzazione della ricerca agricola
A4: Obiettivo II – Protezione delle coltivazioni, degli allevamenti zootecnici e ittici e delle foreste da malattie, insetti ed altri nemici | B4: 102 Interrelazioni tra pianta, suolo, acqua e nutrienti | C4: Protezione_da_malattie | D4: Interrelazioni tra pianta, suolo, acqua e nutrienti | E4: Controllo delle malattie, parassiti e nematodi che attaccano le piante forestali | F4: Nuovi sistemi migliorati di ingegneria forestale | G4: Produzione di frutti e vegetali con maggiore accettabilità dai consumatori | H4: Miglioramento dei mercati di prodotti forestali | I4: Proteggere gli alimenti per l’uomo ed i mangimi dai microrganismi pericolosi e dalle tossine naturali | J4: Evoluzione economica e sociale degli ambienti rurali | K4: Ricerca e società
A5: Obiettivo III – Offerta di prodotti agricoli, forestali e ittici a costi di produzione decrescenti | B5: 103 Gestione dei suoli salini e sodici e della salinità | C5: Offerta_a_costi_decrescenti | D5: Gestione dei suoli salini e sodici e della salinità | E5: Prevenzione e controllo degli incendi boschivi | F5: Economia della produzione forestale (di legno) | G5: Mantenimento della qualità di frutti e vegetali durante la conservazione e la distribuzione commerciale | H5: Miglioramento della classificazione e degli standards dei prodotti forestali | I5: Abitudini e scelte alimentari | J5: Cambiamenti strutturali dei sistemi agricoli | K5: Miglioramento dei sistemi di statistiche agricole
A6: Obiettivo IV – Sviluppo di nuovi prodotti e processi e miglioramento della qualità dei prodotti | B6: 104 Usi alternativi dei suoli | C6: Sviluppo_prodotti_processi | D6: Usi alternativi dei suoli | E6: Controllo di insetti, acari, lumache nelle coltivazioni erbacee, nei pascoli e nei fruttiferi | F6: Miglioramento dell’efficienza biologica delle produzioni vegetali | G6: Nuovi e migliorati prodotti alimentari derivati dalle produzioni di pieno campo | H6: Miglioramento dell’efficienza dei mercati dei prodotti agricoli e dei mezzi di produzione | I6: Servizi di ristorazione extradomestici | J6: Programmi di sostegno pubblico per equilibrare le produzioni e la domanda di mercato e per garantire un reddito equiparabile alle imprese agricole | K6: Processi di comunicazione, formazione professionale, assistenza tecnica e consulenza ai coltivatori e allevatori
A7: Obiettivo V – Miglioramento dell’efficienza dei mercati e assistenza ai Paesi terzi e ai PVS | B7: 105 Conservazione ed uso razionale dell’acqua (v.107) | C7: Efficienza_mercati | D7: Conservazione ed uso razionale dell’acqua | E7: Controllo delle malattie e dei nematodi delle coltivazioni erbacee, dei pascoli e dei fruttiferi | F7: Meccanizzazione della produzione di frutti e vegetali | G7: Nuovi e migliorati mangimi, prodotti tessili, ed altri prodotti industriali derivati da produzioni agricole, per produrre carta, colle, manufatti tessili, pitture, additivi, ecc. | H7: Analisi di domanda, offerta e prezzi di prodotti vegetali ed animali | I7: Scelte dei tessuti e loro caratteristiche | J7: Diminuire l’inquinamento dell’aria, acqua, e suolo | K7: Promozione di servizi nelle aree rurali
A8: Obiettivo VI – Protezione della salute e miglioramento della nutrizione dei consumatori | B8: 106 Sistemi efficienti di bonifica e irrigazione | C8: Salute_nutrizione | D8: Sistemi efficienti di bonifica e irrigazione | E8: Controllo delle erbe infestanti ed altri organismi nocivi per le colture | F8: Organizzazione dei sistemi produttivi di frutti, semi da consumo e vegetali | G8: Produzioni animali con maggiore accettabilità dai consumatori | H8: Analisi di domanda, offerta e prezzi per i prodotti forestali | I8: Controllo degli insetti dell’uomo | J8: Usi multipli delle aree forestali e programmi di forestazione
A9: Obiettivo VII – Promozione dello sviluppo economico, sociale e ambientale delle popolaz. rurali | B9: 107 Protezione e gestione delle risorse idriche (v.105) | C9: Sviluppo_aree_rurali | D9: Protezione e gestione delle risorse idriche | E9: Controllo di insetti e parassiti esterni che attaccano il bestiame, il pollame, le ittiocolture, ed altri animali | F9: Performance riproduttiva del bestiame, del pollame, delle ittiocolture e altri animali | G9: Nuovi e migliorati prodotti alimentari di origine animale (carni, latte, uova, pesce ecc.) | H9: Competitività a livello nazionale e internazionale | I9: Prevenzione della trasmissione di malattie e parassiti degli animali all’uomo | J9: Gli alberi nel miglioramento dell’ambiente rurale e urbano
A10: Obiettivo VIII – Sviluppo del sistema della conoscenza per l’agricoltura | B10: 108 Modificazioni climatiche e adattamento al clima delle coltivazioni | C10: Conoscenza | D10: Modificazioni climatiche e adattamento al clima delle coltivazioni | E10: Controllo di malattie del bestiame, del pollame, delle ittiocolture ed altri animali | F10: Miglioramento dell’efficienza biologica delle produzioni animali | G10: Nuovi e migliorati prodotti non alimentari di origine animale | H10: Performance dei mercati | I10: Nutrizione umana | J10: Protezione delle piante ornamentali e dei tappeti erbosi (*nelle aree urbane)
B11: 109 Studio e valutazione delle foreste e delle aree a pascolo | D11: Studio e valutazione delle foreste e delle aree a pascolo | E11: Controllo dei parassiti interni del bestiame, pollame, ittiocolture ed altri animali | F11: Stress ambientali nelle produzioni animali | G11: Mantenimento della qualità nella distribuzione commerciale dei prodotti animali | H11: Attività di gruppi (*organizzazioni di produttori, cooperazione, centri di raccolta e stoccaggio dei prodotti, catene di distribuzione, ecc.), di forme organizzative della produzione e mercati | I11: Sicurezza alimentare
B12: 110 Biologia, coltura e gestione delle foreste e delle colture da legno | D12: Biologia, coltura e gestione delle foreste e delle colture da legno | E12: Protezione del bestiame, pollame, ittiocolture ed altri animali da veleni chimici, piante velenose, ed altri pericoli | F12: Organizzazione dei sistemi di produzione animali | G12: Allestimento e messa a punto di piani Hccp e sistemi di qualità (ISO) per le produzioni primarie e trasformate | H12: Sviluppo delle attività dei mercati per l’esportazione
B13: 111 Miglioramento delle risorse da pascolo | D13: Miglioramento delle risorse da pascolo | E13: Protezione delle piante, degli animali e dell’uomo dagli effetti nocivi dell’inquinamento atmosferico | F13: Api ed altri insetti impollinatori | G13: Componenti della tipicità dei prodotti primari e dell’agroindustria e controllo dei processi produttivi | H13: Valutazione dei programmi di aiuti alimentari all’estero
B14: 112 Telerilevamento dei sistemi agricoli e forestali | D14: Telerilevamento dei sistemi agricoli e forestali | E14: Controllo dell’impatto sugli allevamenti ittici di specie ittiofaghe | F14: Miglioramento delle strutture e attrezzature dell’azienda | G14: Processi di trasformazione dei prodotti primari | H14: Assistenza tecnica ai Paesi terzi e ai Paesi in via di sviluppo
B15: 113 Gestione risorse e produzioni ittiche | D15: Gestione risorse e produzioni ittiche | F15: Problemi gestionali dell’azienda
B16: 201 Controllo degli insetti che attaccano le foreste | F16: Meccanizzazione e impianti impiegati nelle produzioni animali
B17: 202 Controllo delle malattie, parassiti e nematodi che attaccano le piante forestali | F17: Tecnologie biologiche e biometria non orientate alla produzione (non-commodity-oriented)
B18: 203 Prevenzione e controllo degli incendi boschivi | F18: Biotecnologie nelle produzioni vegetali per il superamento dei limiti della genetica classica
B19: 204 Controllo di insetti, acari, lumache nelle coltivazioni erbacee, nei pascoli e nei fruttiferi | F19: Protezione e conservazione della variabilità genetica naturale
B20: 205 Controllo delle malattie e dei nematodi delle coltivazioni erbacee, dei pascoli e dei fruttiferi
B21: 206 Controllo delle erbe infestanti ed altri organismi nocivi per le colture
B22: 207 Controllo di insetti e parassiti esterni che attaccano il bestiame, il pollame, le ittiocolture, ed altri animali
B23: 208 Controllo di malattie del bestiame, del pollame, delle ittiocolture ed altri animali
B24: 209 Controllo dei parassiti interni del bestiame, pollame, ittiocolture ed altri animali
B25: 210 Protezione del bestiame, pollame, ittiocolture ed altri animali da veleni chimici, piante velenose, ed altri pericoli
B26: 211 Protezione delle piante, degli animali e dell’uomo dagli effetti nocivi dell’inquinamento atmosferico
B27: 212 Controllo dell’impatto sugli allevamenti ittici di specie ittiofaghe
B28: 301 Genetica e miglioramento genetico degli alberi e di altre piante forestali
B29: 302 Nuovi sistemi migliorati di ingegneria forestale
B30: 303 Economia della produzione forestale (di legno)
B31: 304 Miglioramento dell’efficienza biologica delle produzioni vegetali
... B90: 805 Promozione di servizi nelle aree rurali

Sheet Caratteristiche Innovazione
A1: Caratteristiche
A2: -- Seleziona --
A3: Agronomiche
A4: Zootecniche
A5: Biologiche
A6: Biotecnologiche
A7: Chimiche
A8: Biochimiche
A9: Genetiche
A10: Tecnologiche
A11: Tecnico-produttive
A12: Informatiche
... A17: Altro

Sheet MAzioni
B1: Tipologia prodotti per azione
A2: Tipologia azioni | B2: Preparatorie | C2: Coordinamento_animazione | D2: Adattamento_innovazione | E2: Adozione_innovazione | F2: Divulgazione_altre_aziende | G2: Divulgazione_RRN_PEIAgri | H2: Monitoraggio | I2: Altro
A3: -- Seleziona -- | B3: -- Seleziona -- | C3: -- Seleziona -- | D3: -- Seleziona -- | E3: -- Seleziona -- | F3: -- Seleziona -- | G3: -- Seleziona -- | H3: -- Seleziona -- | I3: -- Seleziona --
A4: Preparatorie | B4: Verbale di riunione | C4: Verbale di riunione | D4: Elaborazione dati | E4: Documento | F4: Documento | G4: Documento | H4: Documento | I4: Altro
A5: Coordinamento_animazione | B5: Documento | C5: Documento | D5: Documento | E5: Manuale | F5: Opuscolo | G5: Opuscolo | H5: Strumenti multimediali
A6: Adattamento_innovazione | B6: Seminario | C6: Strumenti multimediali | D6: Allestimento prototipo | E6: Consulenza | F6: Strumenti multimediali | G6: Strumenti multimediali | H6: Altro
A7: Adozione_innovazione | B7: Altro | C7: Visita aziendale | D7: Prova in campo/allevamento | E7: Prova pratica | F7: Consulenza | G7: Seminario
A8: Divulgazione_altre_aziende | C8: Altro | D8: Prova laboratorio | E8: Altro | F8: Prova pratica | G8: Altro
A9: Divulgazione_RRN_PEIAgri | D9: Altro | F9: Seminario
A10: Monitoraggio | F10: Altro
A11: Altro

Sheet Effetti
A1: Effetti dell’innovazione
A2: -- Seleziona --
A3: Miglioramento produttività
A4: Miglioramento qualità prodotto
A5: Miglioramento commercializzazione
A6: Incremento dei margini di redditività aziendali
A7: Diversificazione dei prodotti
A8: Miglioramento qualitativo delle acque
A9: Miglioramento qualitativo dei suoli
A10: Miglioramento qualitativo dell’aria
A11: Tutela della biodiversità
A12: Risparmio energetico
... A19: Altro

Sheet Misure
A1: Misure PSR
A2: -- Seleziona --
A3: M01
A4: M02
A5: M03
A6: M04
A7: M05
A8: M06
A9: M07
A10: M08
A11: M09
A12: M10
... A20: M20

Sheet Attività divulgazione
A1: Attività di divulgazione | C1: Territorialià
A2: -- Seleziona -- | C2: -- Seleziona --
A3: Seminario | C3: Regionale
A4: Incontri per piccoli gruppi | C4: Nazionale
A5: Consulenza diretta | C5: Internazionale
A6: Campi e prove dimostrativi
A7: Visita guidata
A8: Documento
A9: Opuscolo
A10: Articolo divulgativo/scientifico
A11: Sito WEB
A12: App
A13: YouTube
A14: Facebook
A15: Twitter
A16: Video
A17: TV
... A21: Altro

Sheet MInterazione
A1: Incontri | C1: Partecipanti
A2: -- Seleziona -- | C2: -- Seleziona --
A3: Riunioni | C3: tutti i partner GO
A4: Laboratori/prove di collaudo | C4: impresa-ricerca
A5: Campi dimostrativi | C5: ricerca- consulenza
A6: Consulenza | C6: consulenza - impresa
A7: Altre modalità/luoghi | C7: impresa - impresa
C8: ricerca - ricerca
C9: consulenza - consulenza

Sheet Quadro logico
A1: La compilazione della colonna indicatori è essenziale per la valutazione del criterio 3.1b | D1: Torna all'indice
A2: QUADRO LOGICO
C3: INDICATORI VERIFICABILI | D3: FONTI DI VERIFICA | E3: CONDIZIONI/IPOTESI
A6: OBIETTIVO GENERALE
A9: OBIETTIVO SPECIFICO
A12: RISULTATI ATTESI
A15: ATTIVITA’

Sheet Materiali
A1: Materiali | B1: Torna all'indice
A3: Sito web del progetto
A5: Titolo/descrizione | B5: URL | C5: Commenti
B6: http:// | D6: Raccomandato
A8: Link ad altri siti che ospitano informazioni sul progetto (risultati) disponibili al termine del progetto
A10: Titolo/descrizione | B10: URL | C10: Commenti
B11: http:// | D11: Raccomandato
B12: http:// | D12: Raccomandato
B13: http:// | D13: Raccomandato
B14: http:// | D14: Raccomandato
B15: http:// | D15: Raccomandato
B16: http:// | D16: Raccomandato
B17: http:// | D17: Raccomandato
B18: http:// | D18: Raccomandato
B19: http:// | D19: Raccomandato
B20: http:// | D20: Raccomandato
A22: Materiali audiovisivi utili (ad esempio link di YouTube, video, altro materiale di diffusione)
A24: Titolo/descrizione (in inglese) | B24: URL | C24: Commenti
B25: http:// | D25: Raccomandato
B26: http:// | D26: Raccomandato
B27: http:// | D27: Raccomandato
B28: http:// | D28: Raccomandato
B29: http:// | D29: Raccomandato
B30: http:// | D30: Raccomandato
B31: http:// | D31: Raccomandato
B32: http:// | D32: Raccomandato
B33: http:// | D33: Raccomandato
B34: http:// | D34: Raccomandato

Sheet Settore
A1: Settori prodotti agricoli
A2: -- Seleziona --
A3: Cereali
A4: Riso
A5: Zucchero
A6: Foraggi essiccati
A7: Sementi
A8: Luppolo
A9: Olio di oliva e olive da tavola
A10: Lino e canapa
A11: Prodotti ortofrutticoli
A12: Prodotti ortofrutticoli trasformati
... A27: Altro

Sheet Info Gen
A1: Forma giuridica | C1: Province | E1: Fonte finanziamento | G1: Consulenza | I1: Elenco consulenti
A2: --Seleziona-- | C2: --Seleziona-- | E2: --Seleziona-- | G2: --Seleziona-- | I2: --Seleziona--
A3: ATI | C3: Città metropolitana di Cagliari | E3: CSR Sardegna 2023-27 | G3: Interna | I3: Iscritto
A4: ATS | C4: Sulcis Iglesiente | E4: H2020 | G4: Esterna | I4: Non iscritto
A5: Rete contratto | C5: Medio Campidano | E5: HEU | G5: Entrambe
A6: In fase di costituzione | C6: Nuoro | E6: fondi privati
C7: Ogliastra | E7: altri fondi
C8: Gallura | E8: nessuna fonte aggiuntiva
C9: Oristano
C10: Città metropolitana di Sassari
C11: Intero territorio regionale

Sheet Keyword
A1: Keyword | B1: Keyword_eng
A2: --Seleziona-- | B2: None
A3: 1. Allevamento di animali | B3: 1. Animal husbandry
A4: 2. Benessere degli animali | B4: 2. Animal welfare
A5: 3. Foraggio e mangime | B5: 3. Fodder and feed
A6: 4. Seminativi | B6: 4. Arable crops
A7: 5. Orticoltura all'aperto e colture legnose (comprese: viticoltura, olivicoltura, frutticoltura, piante ornamentali) | B7: 5. Outdoor horticulture and woody crops (incl. viticulture, olives, fruit, ornamentals)
A8: 6. Colture in serra | B8: 6. Greenhouse crops
A9: 7. Silvicoltura | B9: 7. Forestry
A10: 8. Acquacoltura | B10: 8. Aquaculture
A11: 9. Risorse genetiche | B11: 9. Genetic resources
A12: 10. Controllo dei parassiti/malattie nelle piante | B12: 10. Pest/disease control in plants
... A33: 31. Innovazione sociale | B33: 31. Social innovation

Sheet Partner
A1: Tipologia di partner
A2: --Seleziona--
A3: 1. Imprenditori agricoli e lavoratori agricoli
A4: 2.1 Organizzazione di produttori riconosciuta
A5: 2.2 Forma associativa di aziende agricole (cooperativa/consorzio/altre forme associate)
A6: 3. Imprenditore forestale e lavoratori forestali
A7: 4. Organizzazione/associazione di forestali
A8: 5. Consulente, organizzazione di consulenza o camera agricola
A9: 6. Ricercatore o Ente di ricerca
A10: 7. Ente di formazione o di sviluppo professionale continuo (compresi i formatori professionali)
A11: 8. Organizzazione o agenzia per il clima/ambiente/natura
A12: 9. Fornitori di servizi diversi dai consulenti
... A21: 16. Altro

Sheet Obiettivi
A1: Obiettivi PAC | C1: Obiettivi UE
A2: --Seleziona-- | C2: --Seleziona--
A3: 1. Garantire un reddito equo agli agricoltori | C3: 1. Raggiungere la neutralità climatica
A4: 2. Aumentare la competitività | C4: 2. Ridurre l'uso complessivo e il rischio di pesticidi chimici e/o l'uso di pesticidi più pericolosi
A5: 3. Migliorare la posizione degli agricoltori nella filiera alimentare | C5: 3. Agricoltura biologica e/o acquacoltura biologica, con l'obiettivo di aumentarne la diffusione
A6: 4. Agire per contrastare i cambiamenti climatici | C6: 4. Ridurre l'uso di antimicrobici per gli animali da allevamento e per l'acquacoltura
A7: 5. Tutelare l'ambiente | C7: 5. Ridurre le perdite di nutrienti e l'uso di fertilizzanti, mantenendo la fertilità del suolo
A8: 6. Salvaguardare il paesaggio e la biodiversità | C8: 6. Migliorare la gestione delle risorse naturali utilizzate dall'agricoltura, come l'acqua, il suolo e l'aria
A9: 7. Sostenere il ricambio generazionale | C9: 7. Proteggere e/o ripristinare la biodiversità e i servizi ecosistemici all'interno dei sistemi agrari e forestali
A10: 8. Sviluppare aree rurali dinamiche | C10: 8. Riportare l'area agricola sotto elementi paesaggistici ad alta biodiversità
A11: 9. Proteggere la qualità dell'alimentazione e della salute | C11: 9. Facilitare l'accesso a Internet a banda larga veloce nelle aree rurali
A12: 10. Promuovere lo scambio di conoscenze e l'innovazione | C12: 10. Migliorare il benessere degli animali
C13: 11. Imboschimento e riforestazione rispettosi della biodiversità

Sheet Attività
A1: Tipologia attività
A2: -- Seleziona --
A3: a) Attività di cooperazione
A4: b) Costituzione e modifica del GO
A5: c) Implementazione e realizzazione del progetto di innovazione
A6: d) Investimenti necessari al progetto di innovazione
A7: e) Formazione, consulenza e divulgazione

Sheet Trasferibilità e Diss.
A1: Trasferibilità | B1: Disseminazione | D1: Personale | F1: Azione | G1: Seleziona | H1: Disseminazione | I1: Divulgazione
A2: -- Seleziona -- | B2: -- Seleziona -- | D2: -- Seleziona -- | F2: Seleziona | H2: Seminario | I2: Sito/pagina web
A3: Trasferibile e replicabile in altri contesti produttivi e/o territoriali | B3: Sì | D3: Personale specializzato | F3: Disseminazione | H3: Campi dimostrativi | I3: Pagina social
A4: Non trasferibile e replicabile in altri contesti produttivi e/o territoriali | B4: No | D4: Personale non specializzato | F4: Divulgazione | H4: Pubblicazione in riviste tematiche e specializzate | I4: Workshop
H5: Partecipazione/organizzazione visita aziendale | I5: Brochure
H6: Partecipazione/organizzazione convegno | I6: Pubblicazione divulgativa
H7: Partecipazione/organizzazione incontro divulgativo | I7: Opuscolo
H8: Altro | I8: Altro
